 Seeded DCSS version 0.30-a0-916-g9813417 (webtiles) character file.

Game seed: 6546189548720569497 (custom seed)

21805448 PurpleRed the Archmage (level 27, 254/254 HPs)
             Began as a Black Draconian Wanderer on Apr 19, 2023.
             Was the Champion of Vehumet.
             Escaped with the Orb
             ... and 15 runes on Apr 21, 2023!
             The game lasted 10:09:48 (69758 turns).

PurpleRed the Archmage (Black Draconian Wanderer)  Turns: 69758, Time: 10:09:49

Health: 254/254    AC: 18    Str: 14    XL:     27
Magic:  54/54      EV: 25    Int: 41    God:    Vehumet [******]
Gold:   11401      SH: 19    Dex: 19    Spells: 5/80 levels left

rFire   + + +      SeeInvis .    j - staff of conjuration "Eporitis" {rElec rC+ rN+}
rCold   + . .      Faith    .    R - +2 kite shield of the Pink Corner {Will+ Regen+ Dex+2}
rNeg    + + +      Spirit   .    (body armour unavailable)
rPois   +          Reflect  .    b - -2 hat of the Alchemist {rElec rPois rF+ rC+ rN+ Will+ rMut rCorr}
rElec   +          Rampage  .    G - +2 cloak {Will+}
rCorr   +                        x - +2 pair of gloves {Dex+3}
rMut    +                        r - +0 pair of boots "Ywin" {*Slow Fly Str-4 Int+8}
Will    +++++                    A - amulet of Vitality {RegenMP++ Regen++}
Stlth   +                        F - ring of Yredelemnul's Approval {rPois rF+ Will+ Int+6}
HPRegen 3.02/turn                t - ring of Veus {Fire Drain rN++ Str+2 Int+3 Dex+2}
MPRegen 1.14/turn

@: flying, studying 2 skills
A: breathe lightning, AC +13, unfitting armour, big wings, electricity
resistance, cold-blooded
0: Orb of Zot
}: 15/15 runes: decaying, serpentine, slimy, silver, golden, iron, obsidian,
icy, bone, abyssal, demonic, glowing, magical, fiery, dark
a: Breathe Lightning, Renounce Religion


You escaped.
You worshipped Vehumet.
Vehumet was exalted by your worship.
You visited 18 branches of the dungeon, and saw 88 of its levels.
You visited Pandemonium 1 time, and saw 10 of its levels.
You visited the Abyss 1 time.
You visited 1 ziggurat, and saw 23 of its levels.
You also visited: Sewer, Ossuary, Bailey, Ice Cave, Wizlab and Desolation.

You collected 13382 gold pieces.
You spent 1981 gold pieces at shops.

Inventory:

Hand Weapons
 e - the +7 sceptre of Torment {pain, torment}
   (You found it on level 3 of the Crypt)
 o - the +8 longbow "Zephyr" {speed, Dex+3 SInv}
   (You found it on level 20 of a ziggurat)

   Dex:       It affects your dexterity (+3).
   SInv:      It lets you see invisible.
 B - the +2 Maxwell's thermic engine {flame, freeze, rev}
   (You found it on level 20 of a ziggurat)
 C - a +9 eudemon blade of holy wrath
 S - the +2 short sword of the Shore {pain, *Noise *Corrode Will+++ Int+7}
   (You took it off a draconian stormcaller on level 1 of the Realm of Zot)

   Int:       It affects your intelligence (+7).
   *Noise:    It may make noises in combat.
   *Corrode:  It may corrode you when you take damage.
   Will:      It greatly increases your willpower.
Armour
 b - the -2 hat of the Alchemist (worn) {rElec rPois rF+ rC+ rN+ Will+ rMut rCorr}
   (You found it on level 7 of a ziggurat)

   rF:        It protects you from fire.
   rC:        It protects you from cold.
   rElec:     It insulates you from electricity.
   rPois:     It protects you from poison.
   rN:        It protects you from negative energy.
   rCorr:     It protects you from acid and corrosion.
   rMut:      It protects you from mutation.
   Will:      It increases your willpower.
 c - a +3 buckler of reflection
 n - a +3 buckler of cold resistance
 r - the +0 pair of boots "Ywin" (worn) {*Slow Fly Str-4 Int+8}
   (You found it in an ice cave)

   Str:       It affects your strength (-4).
   Int:       It affects your intelligence (+8).
   Fly:       It grants you flight.
   *Slow:     It may slow you when you take damage.
 x - a +2 pair of gloves of dexterity (worn)
 G - a +2 cloak of willpower (worn)
 K - the +4 dragonskin cloak
   (You took it off Tiamat on level 1 of the Realm of Zot)

   Avatar's Aegis: It grants the wearer a chance to resist fire, cold, poison,
   electricity, acid, and negative energy.
 R - the +2 kite shield of the Pink Corner (worn) {Will+ Regen+ Dex+2}
   (You found it in Pandemonium)

   Dex:       It affects your dexterity (+2).
   Regen:     It increases your rate of health regeneration.
   Will:      It increases your willpower.
Magical Staves
 a - the staff of cold "Uqept" {rC+ rN+ Will+ Int+3 Stlth+}
   (You found it on level 5 of the Vaults)

   [staff of cold]

   Base accuracy: +5 Base damage: 5 Base attack delay: 1.2 This weapon's minimum
   attack delay (0.6) is reached at skill level 12.
   It falls into the 'Staves' category.
   It is a one-handed weapon.
 j - the staff of conjuration "Eporitis" (weapon) {rElec rC+ rN+}
   (You found it on level 11 of a ziggurat)

   [staff of conjuration]

   Base accuracy: +5 Base damage: 5 Base attack delay: 1.2 This weapon's minimum
   attack delay (0.6) is reached at skill level 12.
   It falls into the 'Staves' category.
   It is a one-handed weapon.
 y - the staff of earth "Xucupli" {rPois rF+ Str+3}
   (You found it on level 5 of the Vaults)

   [staff of earth]

   Base accuracy: +5 Base damage: 5 Base attack delay: 1.2 This weapon's minimum
   attack delay (0.6) is reached at skill level 12.
   It falls into the 'Staves' category.
   It is a one-handed weapon.
 E - the staff of fire "Xemib" {rF+ Will+}
   (You found it on level 3 of the Tomb of the Ancients)

   [staff of fire]

   Base accuracy: +5 Base damage: 5 Base attack delay: 1.2 This weapon's minimum
   attack delay (0.6) is reached at skill level 12.
   It falls into the 'Staves' category.
   It is a one-handed weapon.
 P - the staff of air "Dank" {rElec rC+ Int+7}
   (You found it on level 16 of a ziggurat)

   [staff of air]

   Base accuracy: +5 Base damage: 5 Base attack delay: 1.2 This weapon's minimum
   attack delay (0.6) is reached at skill level 12.
   It falls into the 'Staves' category.
   It is a one-handed weapon.
Jewellery
 d - the ring of Miun {Wiz Dex+5}
   (You found it in the Desolation of Salt)

   [ring of wizardry]

   It improves your spell success rate.
   Dex:       It affects your dexterity (+5).
 m - the ring "Pibeikh" {MP+9 Str+5}
   (You found it on level 5 of the Pits of Slime)

   [ring of magical power]

   Str:       It affects your strength (+5).
   MP:        It affects your magic capacity (+9).
 t - the ring of Veus (right hand) {Fire Drain rN++ Str+2 Int+3 Dex+2}
   (You found it on level 7 of Tartarus)

   [ring of fire]

   It enhances your fire magic.
   Str:       It affects your strength (+2).
   Int:       It affects your intelligence (+3).
   Dex:       It affects your dexterity (+2).
   rF:        It protects you from fire.
   rC:        It makes you vulnerable to cold.
   rN:        It greatly protects you from negative energy.
   Drain:     It drains your maximum health when unequipped.
 u - the ring of Starshine {Fly rN+++ AC+4 Str-5 Dex-3}
   (You acquired it on level 19 of a ziggurat)

   [ring of protection]

   AC:        It affects your AC (+4).
   Str:       It affects your strength (-5).
   Dex:       It affects your dexterity (-3).
   rN:        It renders you almost immune to negative energy.
   Fly:       It grants you flight.
 v - an amulet of regeneration
 w - the ring "Wut Eny" {rPois rF+ Will+ rCorr SInv}
   (You found it on level 18 of a ziggurat)

   [ring of see invisible]

   rF:        It protects you from fire.
   rPois:     It protects you from poison.
   SInv:      It lets you see invisible.
   rCorr:     It protects you from acid and corrosion.
   Will:      It increases your willpower.
 A - the amulet of Vitality (around neck) {RegenMP++ Regen++}
   (You found it on level 8 of a ziggurat)

   [amulet of magic regeneration]

   It increases your rate of magic regeneration.
   Regen:     It increases your rate of health regeneration.
 F - the ring of Yredelemnul's Approval (left hand) {rPois rF+ Will+ Int+6}
   (You took it off a spriggan on level 2 of the Swamp)

   [ring of intelligence]

   Int:       It affects your intelligence (+6).
   rF:        It protects you from fire.
   rPois:     It protects you from poison.
   Will:      It increases your willpower.
 Q - the ring of Qeti Inuzeru {rF+ Str+3 Int+6}
   (You found it on level 18 of a ziggurat)

   [ring of protection from fire]

   Str:       It affects your strength (+3).
   Int:       It affects your intelligence (+6).
   rF:        It protects you from fire.
Wands
 D - a wand of charming (6)
 L - a wand of roots (42)
 V - a wand of digging (18)
 Z - a wand of acid (31)
Scrolls
 i - 11 scrolls of magic mapping
 k - 41 scrolls of teleportation
 l - 11 scrolls of blinking
 p - 26 scrolls of fog
 H - 15 scrolls of fear
 N - 9 scrolls of enchant armour
 T - 3 scrolls of amnesia
 U - 15 scrolls of poison
 X - 8 scrolls of summoning
 Y - 8 scrolls of silence
Potions
 f - 42 potions of curing
 g - 8 potions of brilliance
 h - 27 potions of mutation
 q - 8 potions of invisibility
 s - 4 potions of magic
 z - 6 potions of haste
 J - 6 potions of cancellation
 M - 16 potions of heal wounds
 O - 5 potions of resistance
 W - 6 potions of ambrosia
Miscellaneous
 I - a figurine of a ziggurat


   Skills:
 + Level 21.8 Fighting
 - Level 16.0 Long Blades
 - Level 6.0 Axes
 + Level 19.5 Dodging
 + Level 21.5 Shields
 O Level 27 Spellcasting
 + Level 24.3 Conjurations
 - Level 2.6 Hexes
 - Level 18.0 Necromancy
 - Level 14.0 Transmutations
 - Level 23.0 Fire Magic
 - Level 22.2 Ice Magic
 - Level 21.0 Air Magic
 - Level 21.0 Earth Magic
 - Level 3.0 Evocations


You had 5 spell levels left.
You knew the following spells:

 Your Spells              Type           Power      Damage    Failure   Level
a - Shatter               Erth           61%        3d46*     1%          9
b - Polar Vortex          Ice            63%        N/A       1%          9
c - Passage of Golubria   Tloc           53%        N/A       3%          4
d - Fire Storm            Conj/Fire      90%        8d23      1%          9
e - Chain Lightning       Conj/Air       76%        3d101     1%          9
f - Fireball              Conj/Fire      90%        3d33      0%          5
g - Iskenderun's Mystic   Conj/Tloc      100%       2d19      1%          4
h - Iron Shot             Conj/Erth      76%        9d14      0%          6
j - Swiftness             Air            100%       N/A       0%          3
k - Ozocubu's Refrigerat  Ice            63%        4d21      1%          7
t - Necromutation         Tmut/Necr      56%        N/A       3%          8
x - Sublimation of Blood  Necr           100%       N/A       0%          2

Your spell library contained the following spells:

 Spells                   Type           Power      Damage    Failure   Level
 Beastly Appendage        Tmut           100%       N/A       0%          1
 Foxfire                  Conj/Fire      100%       2x1d9     0%          1
 Freeze                   Ice            100%       1d10      0%          1
 Kiss of Death            Conj/Necr      100%       2d13      0%          1
 Magic Dart               Conj           100%       1d8       0%          1
 Necrotise                Necr           100%       1d9       0%          1
 Sandblast                Erth           100%       2d20      0%          1
 Shock                    Conj/Air       100%       1d9       0%          1
 Cigotuvi's Dreadful Rot  Necr/Pois/Air  100%       N/A       0%          2
 Ensorcelled Hibernation  Hex/Ice        100%       N/A       0%          2
 Momentum Strike          Conj/Tloc      100%       3d10      0%          2
 Passwall                 Tmut/Erth      95%        N/A       0%          2
 Poisonous Vapours        Pois/Air       100%       N/A       0%          2
 Searing Ray              Conj           100%       2d8       0%          2
 Static Discharge         Conj/Air       100%       2-7/arc   0%          2
 Wereblood                Tmut           100%       N/A       0%          2
 Dazzling Flash           Conj/Hex       100%       N/A       0%          3
 Frozen Ramparts          Ice            100%       1d16      0%          3
 Hailstorm                Conj/Ice       100%       3d20      0%          3
 Ignite Poison            Fire/Tmut/Pois 100%       N/A       0%          3
 Inner Flame              Hex/Fire       100%       N/A       0%          3
 Kindle Blastsparks       Fire/Tloc/Air  100%       2d18      0%          3
 Mephitic Cloud           Conj/Pois/Air  100%       N/A       0%          3
 Ozocubu's Armour         Ice            100%       N/A       0%          3
 Stone Arrow              Conj/Erth      100%       3d13      0%          3
 Vampiric Draining        Necr           100%       2d13      0%          3
 Vhi's Electric Charge    Tloc/Air       100%       N/A       0%          3
 Airstrike                Air            61%        2d(9-25)  0%          4
 Animate Dead             Necr           100%       N/A       0%          4
 Dispel Undead            Necr           100%       3d31      0%          4
 Flame Wave               Conj/Fire      100%       2d21      0%          4
 Fulminant Prism          Conj/Hex       64%        3d26      0%          4
 Ice Form                 Ice/Tmut       100%       N/A       0%          4
 Petrify                  Tmut/Erth      100%       N/A       0%          4
 Sticky Flame             Conj/Fire      100%       2d11      0%          4
 Agony                    Necr           100%       N/A       0%          5
 Arcjolt                  Conj/Air       76%        1d86      0%          5
 Borgnjor's Vile Clutch   Necr/Erth      60%        N/A       0%          5
 Freezing Cloud           Conj/Ice/Air   75%        6-21      0%          5
 Irradiate                Conj/Tmut      72%        3d35      0%          5
 Iskenderun's Battlesphe  Conj           100%       2d15      0%          5
 Lee's Rapid Deconstruct  Erth           61%        3d28*     0%          5
 Plasma Beam              Fire/Air       75%        2x1d101   0%          5
 Apportation              Tloc           100%       N/A       1%          1
 Slow                     Hex            100%       N/A       1%          1
 Sting                    Tmut/Pois      100%       1d8       1%          1
 Summon Small Mammal      Summ           100%       N/A       1%          1
 Blink                    Tloc           100%       N/A       1%          2
 Call Imp                 Summ           53%        N/A       1%          2
 Lesser Beckoning         Tloc           100%       N/A       1%          2
 Call Canine Familiar     Summ           53%        N/A       1%          3
 Confusing Touch          Hex            67%        N/A       1%          3
 Gell's Gravitas          Tloc           53%        N/A       1%          3
 Portal Projectile        Hex/Tloc       100%       N/A       1%          3
 Spider Form              Tmut/Pois      85%        N/A       1%          3
 Summon Guardian Golem    Hex/Summ       60%        N/A       1%          3
 Teleport Other           Tloc           53%        N/A       1%          3
 Tukima's Dance           Hex            67%        N/A       1%          3
 Anguish                  Hex/Necr       48%        N/A       1%          4
 Cause Fear               Hex            33%        N/A       1%          4
 Leda's Liquefaction      Hex/Erth       50%        N/A       1%          4
 Olgreb's Toxic Radiance  Pois           53%        N/A       1%          4
 Summon Ice Beast         Ice/Summ       98%        N/A       1%          4
 Summon Lightning Spire   Summ/Air       96%        N/A       1%          4
 Alistair's Intoxication  Tmut/Pois      56%        N/A       1%          5
 Blade Hands              Tmut           53%        N/A       1%          5
 Metabolic Englaciation   Hex/Ice        51%        N/A       1%          5
 Silence                  Hex/Air        50%        N/A       1%          5
 Yara's Violent Unravell  Hex/Tmut       44%        3d17      1%          5
 Manifold Assault         Tloc           53%        N/A       3%          4
 Summon Mana Viper        Hex/Summ       60%        N/A       6%          5
 Summon Forest            Summ/Tloc      26%        N/A       10%         5
 Conjure Ball Lightning   Conj/Air       76%        3x3d28    0%          6
 Simulacrum               Ice/Necr       60%        N/A       0%          6
 Starburst                Conj/Fire      90%        6d23      0%          6
 Orb of Destruction       Conj           77%        9d17      0%          7
 Death Channel            Necr           58%        N/A       1%          6
 Eringya's Noxious Bog    Tmut/Pois      42%        N/A       1%          6
 Statue Form              Tmut/Erth      76%        N/A       1%          6
 Dragon Form              Tmut           53%        N/A       1%          7
 Spellforged Servitor     Conj/Summ      62%        N/A       1%          7
 Storm Form               Tmut/Air       57%        N/A       1%          7
 Borgnjor's Revivificati  Necr           58%        N/A       1%          8
 Ignition                 Fire           76%        3d20      1%          8
 Lehudib's Crystal Spear  Conj/Erth      76%        10d17     1%          8
 Maxwell's Capacitive Co  Air            61%        ∞         1%          8
 Death's Door             Necr           58%        N/A       22%         9
 Dispersal                Tloc           26%        N/A       50%         6
 Summon Cactus Giant      Summ           26%        N/A       50%         6
 Enfeeble                 Hex            33%        N/A       71%         7
 Malign Gateway           Summ/Tloc      26%        N/A       97%         7
 Monstrous Menagerie      Summ           26%        N/A       97%         7
 Summon Hydra             Summ           26%        N/A       97%         7
 Discord                  Hex            33%        N/A       100%        8
 Disjunction              Tloc           26%        N/A       100%        8
 Summon Horrible Things   Summ           26%        N/A       100%        8
 Dragon's Call            Summ           26%        N/A       100%        9
 Animate Armour           Summ/Erth      Unusable   N/A       N/A         4

Dungeon Overview and Level Annotations

Branches:
Dungeon (15/15)            Temple (1/1) D:7            Lair (5/5) D:9
  Swamp (4/4) Lair:3        Snake (4/4) Lair:2        Slime (5/5) Lair:4
    Orc (2/2) D:11            Elf (3/3) Orc:2        Vaults (5/5) D:13
  Crypt (3/3) Vaults:3       Tomb (3/3) Crypt:3      Depths (4/4) D:15
   Hell (visited)             Dis (7/7) Hell            Geh (7/7) Hell
    Coc (7/7) Hell            Tar (7/7) Hell            Zot (5/5) Depths:4
  Sewer (visited)         Ossuary (visited)          Bailey (visited)
  IceCv (visited)          WizLab (visited)         Desolation (visited)

Altars:
Ashenzari
Cheibriados
Dithmenos
Elyvilon
Fedhas
Gozag
Hepliaklqana
Kikubaaqudgha
Makhleb
Nemelex Xobeh
Okawaru
Qazlal
Ru
Sif Muna
Trog
Uskayaw
Vehumet
Wu Jian
Xom
Yredelemnul
Zin
The Shining One

Shops:
D:2 [   D:13 =   D:15 (   Orc:2 [*=(   Elf:1 (   Vaults:1 (   Vaults:2 :(:
Vaults:4 *   Vaults:5 [   Depths:1 :=:

Portals:
Hell: Lair:5 Depths:1 Depths:2 Depths:3 Depths:4
Abyss: Depths:3
Pandemonium: Depths:1 Depths:2
Trove: D:12 (lose all piety)

Annotations:
D:4 3 runed translucent doors, geeeeen's ghost, novice DrWn
Lair:3 Foabaekk's ghost, journeyman GrMo
Swamp:1 Roxanne
Elf:2 3 runed translucent doors
Zot:2 3 transporters


Innate Abilities, Weirdness & Mutations

You can breathe wild blasts of lightning.
Your glossy black scales are hard. (AC +13)
You cannot fit into any form of body armour.
Your large and strong wings let you fly.
You are resistant to electric shocks. (rElec)
You are cold-blooded and may be slowed by cold attacks.


Message History

You kill the sun demon!
Vehumet accepts your kill.
You feel your power returning.
(D) Dungeon (T) Temple (L) Lair (S) Swamp (P) Snake Pit (M) Slime Pits (O) Orcish Mines (E) Elven Halls (V) Vaults (C) Crypt (W) Tomb (U) Depths (H) Hell (I) Dis (G) Gehenna (X) Cocytus (Y) Tartarus (Z) Zot
Where to? (Enter - D:1, ? - help) Magic restored.
There is a stone staircase leading up, spattered with blood here.
You fly upwards.
There is a stone staircase leading down, spattered with blood here.
HP restored.
There is a stone staircase leading up here.
You fly upwards.
There is a stone staircase leading down here.
There is a stone staircase leading up here.
You fly upwards.
There is a stone staircase leading down here.
Casting: Iron Shot (safe; 0% risk of failure)
Confirm with . or Enter, or press ? or * to list all spells.
The dungeon rumbles!
A door shatters!
Ka-crash!
A reaper comes into view. It is wielding a +6 scythe of venom.
Casting: Shatter (mildly dangerous; 1% risk of failure)
Confirm with . or Enter, or press ? or * to list all spells.
The dungeon rumbles!
A door shatters!
You kill the reaper!
Vehumet accepts your kill.
You feel your power returning.
A door shatters!
Ka-crash!
Casting: Shatter (mildly dangerous; 1% risk of failure)
Confirm with . or Enter, or press ? or * to list all spells.
You draw magical energy from your own body!
There is an open gate here.
There is a staircase leading out of the dungeon here.
You have escaped!

#.# #..######## ♣♣## #.# #..##⌠⌠#
♣♣♣ .♣ ♣♣♣ #.#
#..##..############ #.#
#..##.............. #.#
#..##.............. #.#
##.##..##......##.. #### #.#
♣♣####..##......##.. ...#
#.#####♣.#..'.............. ##.#
#.....#♣.#@.'.............. #.#
#######♣.#..'.............. #.#
♣♣####..##......##..
##.#############..#..##......##..
.................##..............
##.#######.#.###..#..............
#.# ##.#.###..#+#############
##.######....##...#.# ♣♣♣♣♣♣ ♣♣♣
..................#.###### ######


There were no monsters in sight!

Vanquished Creatures
  Cerebov (Pan)
  Asmodeus (Geh:7)
  the Royal Jelly (Slime:5)
  Ereshkigal (Tar:7)
  Gloorx Vloq (Pan)
  2 seraphim the Serpent of Hell (Dis:7)
  Tiamat (Zot:1)
  Lom Lobon (Pan)
  Mnoleg (Pan)
  18 dread liches
  6 orbs of fire
  Dispater (Dis:7)
  Mara (Vaults:2)
  9 ancient liches
  5 juggernauts
  37 royal mummies
  9 Killer Klowns (Zot:5)
  Bai Suzhen (Vaults:5)
  10 shard shrikes
  Margery (Crypt:2)
  45 caustic shrikes
  4 curse toes
  Geryon (Hell)
  13 bone dragons
  6 profane servitors
  21 golden dragons
  Nikola (Elf:1)
  13 doom hounds
  6 pearl dragons
  11 Tzitzimimeh
  9 iron giants
  Jorgrun (D:15)
  2 spectral shard shrikes
  4 hellephants
  3 electric golems
  18 Brimstone Fiends
  22 Hell Sentinels
  27 tentacled monstrosities
  6 pandemonium lords
  11 liches
  A walking crystal tome (Depths:2)
  A moon troll (WizLab)
  11 tainted leviathans
  Zenata (Crypt:2)
  25 Orb Guardians
  18 Ice Fiends
  10 titans
  A walking earthen tome (Depths:4)
  6 deep elf blademasters
  20 searing wretches
  10 deep elf master archers
  12 quicksilver dragons
  14 sphinxes
  16 acid blobs
  13 death cobs
  Gastronok (Lair:3)
  13 Executioners
  41 ancient champions
  A kraken (Abyss:3)
  Kirke (Swamp:3)
  8 tentacled starspawn
  Donald (Swamp:3)
  A thorn hunter (Abyss:4)
  14 shadow dragons
  10 revenants
  26 storm dragons
  19 nagarajas
  9 azure jellies
  13 tengu reavers
  3 fenstrider witches
  9 rockslimes
  16 narguns
  15 draconian knights
  4 demonspawn warmongers
  8 draconian monks
  25 fire giants
  14 quicksilver elementals
  30 balrugs
  9 daevas
  8 draconian scorchers
  Aizul (Snake:4)
  6 ghost moths
  14 iron dragons
  14 frost giants
  A spectral caustic shrike (Tar:4)
  14 vault wardens
  6 deep elf sorcerers
  The ghost of Ychix the Thaumaturge, a journeyman GnSk of Makhleb (Swamp:3)
  4 imperial myrmidons (Desolation)
  5 emperor scorpions
  A juggernaut zombie (Depths:3)
  A spectral juggernaut (Tar:3)
  12 draconian annihilators
  5 shard shrike simulacra
  A spriggan defender (Depths:2)
  10 ghouls
  6 reapers
  13 draconian stormcallers
  8 quicksilver oozes
  9 demonspawn corrupters
  3 deep elf elementalists
  2 orc warlords
  19 ironbound preservers
  17 cacodemons
  6 draconian shifters
  18 ophanim
  12 angels
  17 stone giants
  10 demonspawn blood saints
  6 ironbound thunderhulks
  8 curse skulls
  A juggernaut skeleton (Pan)
  10 apis
  A caustic shrike skeleton (Depths:2)
  24 war gargoyles
  29 very ugly things
  7 deep elf annihilators
  7 wendigos
  12 green draconians
  11 deep elf demonologists
  4 demonspawn black suns
  18 dire elephants
  13 vampire knights
  14 elemental wellsprings
  10 purple draconians
  7 eleionomae
  4 lorocyprocas
  24 bennus
  12 white draconians
  8 putrid mouths
  12 black draconians
  5 spark wasps
  5 bunyips
  15 red draconians
  13 yellow draconians
  10 deep elf death magi
  28 mummy priests
  The ghost of Xqipyl the Destroyer, a journeyman GrFE of Vehumet (D:12)
  24 iron golems
  8 blizzard demons
  A spectral quicksilver dragon (Tar:3)
  9 crystal guardians
  15 eidola
  A kraken zombie (Hell)
  2 merfolk javelineers (Zig:14)
  Josephine (D:15)
  10 ettins
  16 yaktaur captains
  15 ragged hierophants (Desolation)
  4 shambling mangroves
  10 green deaths
  8 jiangshi
  14 great orbs of eyes
  10 fire dragons
  2 spectral spriggans (Tar:3)
  6 ice dragons
  8 deep elf high priests
  13 entropy weavers
  36 vault guards
  A caustic shrike simulacrum (Coc:1)
  16 hydras
  11 rakshasas
  22 salamander tyrants
  3 radroaches
  7 servants of whispers (Desolation)
  A quicksilver dragon skeleton (Crypt:2)
  A hydra (shapeshifter) (Vaults:5)
  5 jorogumos
  24 centaur warriors
  A bennu zombie (Crypt:1)
  An ogre mage (Vaults:5)
  23 peacekeepers
  2 catoblepae (Lair:5)
  5 juggernaut simulacra
  6 hell beasts
  3 spriggan air magi
  5 boulder beetles
  9 stokers
  11 ironbound frosthearts
  34 dancing weapons
  7 tengu warriors
  2 death knights
  46 death scarabs
  12 anacondas
  7 deep troll shamans
  4 two-headed ogres
  35 hell hogs
  4 satyrs (Zig:14)
  An anaconda (shapeshifter) (D:15)
  11 naga warriors
  10 deep troll earth magi
  10 alligators
  6 death yaks (Lair:5)
  11 orc high priests
  A quicksilver ooze zombie (Crypt:1)
  A spectral naga (Tar:1)
  10 vampire magi
  10 shock serpents
  12 spriggans
  39 sun demons
  7 spriggan berserkers
  13 iron trolls
  15 naga sharpshooters
  8 soul eaters
  A skyshark (Lair:2)
  26 hell knights
  21 crystal echidnas
  3 fire crabs
  3 salamander mystics
  26 skeletal warriors
  9 deep elf knights
  A golden dragon zombie (Zig:21)
  A titan skeleton (Zig:21)
  3 pharaoh ants (Zig:19)
  3 wretched stars
  21 shadow wraiths
  2 anaconda zombies
  A spectral minotaur (Tar:2)
  2 death drakes (Zig:20)
  A deep troll (shapeshifter) (Vaults:5)
  7 flayed ghosts
  5 quicksilver dragon simulacra
  8 glowing orange brains
  26 cherubim
  12 swamp dragons
  2 goliath frogs
  18 sixfirhies
  4 obsidian statues
  5 naga ritualists
  6 orange crystal statues
  2 spriggan druids
  7 deep elf archers
  9 shadow demons
  2 shadow dragon zombies
  An anaconda skeleton (Hell)
  7 orb spiders
  8 bog bodies
  61 deep trolls
  13 phantasmal warriors
  2 tengu zombies
  6 starcursed masses (WizLab)
  10 necromancers
  5 steelbarb worms
  A bunyip skeleton (Pan)
  35 deep elf zephyrmancers
  9 wizards
  2 golden dragon skeletons
  10 orc knights
  9 lindwurms
  26 deep elf pyromancers
  19 ironbound convokers
  2 mana vipers (shapeshifter)
  42 ugly things
  A wolf spider zombie (D:14)
  A sphinx zombie (Zig:21)
  An oklob plant (Lair:4)
  5 orc sorcerers
  An iron giant skeleton (Crypt:3)
  A will-o-the-wisp (Swamp:3)
  10 mana vipers
  3 harpies (Vaults:2)
  34 moths of wrath
  12 salamanders
  7 wolf spiders
  A faun (Zig:14)
  4 manticores
  An eleionoma zombie (Crypt:2)
  8 cyclopes
  2 shadow dragon skeletons
  A moth of wrath (shapeshifter) (D:15)
  A tengu skeleton (Zig:21)
  2 manticores (shapeshifter)
  8 shining eyes
  A rust devil (Pan)
  47 black mambas
  An elephant (shapeshifter) (Depths:2)
  2 molten gargoyles
  A stone giant skeleton (Tomb:1)
  3 titan simulacra
  An ice statue (IceCv)
  A fire giant skeleton (Vaults:4)
  11 elephants
  5 worldbinders (Abyss:4)
  A sphinx skeleton (Zig:21)
  16 smoke demons
  2 water nymphs (Abyss:4)
  19 vault sentinels
  12 guardian serpents
  3 torpor snails
  A centaur skeleton (Tomb:1)
  A gargoyle (D:8)
  10 demonic crawlers
  20 naga magi
  19 cane toads
  17 orange demons
  8 eyes of devastation
  23 hellions
  3 sea snake zombies
  An unseen horror zombie (Crypt:2)
  5 anaconda simulacra
  2 kobold demonologists (Bailey)
  An unseen horror (D:12)
  2 dire elephant skeletons
  3 spriggan zombies
  6 efreet
  5 freezing wraiths
  11 komodo dragons
  13 rime drakes
  28 yaktaurs
  A steelbarb worm zombie (Crypt:3)
  3 iron giant simulacra
  49 guardian mummies
  A mana viper zombie (Crypt:2)
  23 tormentors
  3 tengu conjurers
  An ancient zyme (Abyss:3)
  A red draconian skeleton (Crypt:1)
  16 ice devils
  2 spectral harpies (Tar:3)
  A harpy zombie (Tomb:3)
  11 hellwings
  A green draconian skeleton (Crypt:2)
  4 red devils
  A silent spectre (Tar:7)
  A meliai (Zig:12)
  16 trolls
  A polar bear (shapeshifter) (Zig:18)
  A shadow dragon simulacrum (Coc:1)
  5 tyrant leeches
  A wind drake (Zig:20)
  An alligator zombie (Hell)
  21 hornets
  2 hydra skeletons (Hell)
  87 saltlings (Desolation)
  21 blink frogs
  A dream sheep (shapeshifter) (Vaults:5)
  5 bloated husks
  3 ettin zombies
  Grinder (D:4)
  A mana viper skeleton (Crypt:3)
  5 raiju (Abyss:1)
  2 tarantellas (Zig:19)
  2 slime creatures (shapeshifter)
  5 culicivoras
  4 spriggan skeletons
  A dream sheep (Lair:5)
  2 iron dragon simulacra
  A fire dragon zombie (Crypt:3)
  2 meliai zombies (D:14)
  A stone giant simulacrum (Coc:3)
  6 jumping spiders
  5 shadows
  127 slime creatures
  A fire dragon skeleton (Crypt:2)
  6 air elementals
  4 vampires
  12 wraiths
  A culicivora (shapeshifter) (Elf:3)
  23 flying skulls
  21 water elementals
  A yak (shapeshifter) (D:13)
  4 dire elephant simulacra
  31 yaks
  A fire bat (D:4)
  29 ushabtiu
  10 ynoxinuls
  A slime creature zombie (Crypt:1)
  8 basilisks
  8 wyverns
  5 hogs (Swamp:3)
  12 fire elementals
  Grum (D:10)
  16 golden eyes
  A sea snake simulacrum (Hell)
  11 steam dragons
  17 vampire mosquitoes
  27 large abominations
  22 neqoxecs
  7 chaos spawn
  5 redbacks
  A redback (shapeshifter) (Elf:3)
  13 harpy simulacra
  3 death yak simulacra (IceCv)
  7 acid dragons
  17 swamp worms
  15 wargs
  49 nagas
  15 water moccasins
  5 hell hounds
  6 small abominations
  A glowing shapeshifter skeleton (Depths:2)
  2 floating eyes
  A hydra simulacrum (Coc:6)
  2 black bears (D:6)
  68 orc warriors
  14 swamp drakes
  2 ettin simulacra
  A sky beast (D:7)
  A blink frog zombie (Crypt:1)
  A dream sheep zombie (Crypt:3)
  5 ice beasts
  11 ogres
  15 wolves
  17 centaurs
  2 swamp dragon skeletons
  2 phantoms (D:6)
  2 kobold brigands
  An elf skeleton (Crypt:3)
  A gnoll sergeant (Orc:1)
  8 scorpions
  14 bullfrogs
  2 cane toad simulacra (IceCv)
  3 two-headed ogre simulacra (IceCv)
  6 earth elementals
  A draconian skeleton (Crypt:1)
  3 necrophages (Crypt:1)
  A wyvern skeleton (Crypt:2)
  A water moccasin skeleton (Crypt:1)
  A hornet simulacrum (D:14)
  2 elephant simulacra (IceCv)
  A yak zombie (Crypt:2)
  14 killer bees
  5 electric eels (Bailey)
  2 howler monkeys
  2 hounds (D:4)
  2 human zombies (Ossuary)
  3 centaur zombies
  14 orc priests
  2 jellies
  Crazy Yiuf (D:2)
  2 sleepcaps (D:4)
  A boggart zombie (D:14)
  Jessica (D:2)
  22 orc wizards
  8 troll simulacra (IceCv)
  14 hell rats
  3 polar bear simulacra (IceCv)
  3 wolf simulacra (IceCv)
  5 spriggan simulacra
  48 mummies
  Robin (D:2)
  16 gnolls
  5 naga simulacra
  5 adders
  4 river rats (Sewer)
  7 white imps
  10 ufetubi
  3 worms
  6 dart slugs
  89 orcs
  8 ball pythons
  A bat skeleton (Crypt:1)
  6 endoplasms
  A giant cockroach (D:3)
  2 gnoll zombies (Ossuary)
  11 hobgoblins
  8 kobolds
  3 quokkas
  2 ball python skeletons
  6 bats
  3 frilled lizards
  24 goblins
  A goblin skeleton (Crypt:1)
  A hobgoblin zombie (Ossuary)
  A jackal skeleton (Crypt:2)
  A kobold zombie (Ossuary)
  An orc zombie (Ossuary)
  13 rats
  4 creeping infernos
  25 fire vortices
  A plant (Lair:5)
  3 starspawn tentacles (Abyss:1)
  4 tentacles
4431 creatures vanquished.

Vanquished Creatures (collateral kills)
  Antaeus (Coc:7)
  A pandemonium lord (Pan)
  A juggernaut (Zig:11)
  A royal mummy (Zig:21)
  A caustic shrike (Dis:3)
  A pearl dragon (Zig:22)
  A hellephant (Zig:16)
  2 Orb Guardians (Zot:5)
  A tentacled monstrosity (Depths:3)
  An Ice Fiend (Coc:4)
  A deep elf blademaster (Zig:18)
  A quicksilver dragon (Zig:23)
  3 acid blobs
  A nargun (Coc:7)
  3 shadow dragons
  2 daevas (Zig:22)
  3 frost giants
  An emperor scorpion (Zig:2)
  A cacodemon (Pan)
  An angel (Pan)
  An ironbound preserver (Vaults:5)
  4 very ugly things
  3 stone giants
  An apis (Zig:22)
  A green draconian (Depths:4)
  2 ophanim (Zig:22)
  A black draconian (Zot:2)
  3 purple draconians
  A demonspawn black sun (Zig:17)
  An eidolon (Crypt:1)
  A caustic shrike simulacrum (Coc:4)
  A shadow wraith (Tar:7)
  A swamp dragon (Zig:20)
  A deep troll (Vaults:4)
  A deep elf zephyrmancer (Zig:18)
  A spark wasp simulacrum (Depths:2)
  2 guardian mummies
  A slime creature (Slime:3)
  4 golden eyes
  A harpy simulacrum (Crypt:3)
  A floating eye (Zot:1)
  An orc wizard (Zig:11)
  An ogre skeleton (Crypt:2)
  15 mummies
78 creatures vanquished.

Vanquished Creatures (others)
  An orc high priest (Elf:3)
  A wizard (Pan)
  A bloated husk (Swamp:3)
  A human (Swamp:3)
  An orc warrior (Elf:3)
  A swamp drake (Swamp:4)
  An iguana (D:5)
  An orc (Elf:3)
  A bush (Lair:5)
  A creeping inferno (Geh:6)
  9 demonic plants
  1233 fire vortices
  4 foxfires (Swamp:3)
  74 fungi
  97 plants
  3 starspawn tentacles
  4 tentacles
  8 withered plants
1442 creatures vanquished.

Grand Total: 5951 creatures vanquished

Notes
Turn   | Place    | Note
-------+----------+-------------------------------------------
     0 | D:1      | PurpleRed the Draconian Wanderer began the quest for the
                  | Orb.
     0 | D:1      | PurpleRed set off with the following items: a +0 club, a
                  | potion of might, a wand of polymorph (6); and the following
                  | spells available to memorise: Slow, Beastly Appendage,
                  | Confusing Touch, Tukima's Dance, Ignite Poison.
     0 | D:1      | Reached XP level 1. HP: 14/14 MP: 3/3
     2 | D:1      | Learned a level 1 spell: Slow
     4 | D:1      | Learned a level 1 spell: Beastly Appendage
   217 | D:1      | Reached skill level 1 in Fighting
   253 | D:1      | Found a faded altar of an unknown god.
   333 | D:1      | Reached XP level 2. HP: 23/24 MP: 1/5
   915 | D:2      | Noticed Jessica
   935 | D:2      | Killed Jessica
   936 | D:2      | Reached skill level 1 in Conjurations
   936 | D:2      | Reached XP level 3. HP: 18/30 MP: 1/6
  1000 | D:2      | Found Rinunt's Antique Armour Shoppe.
  1064 | D:2      | Noticed Robin
  1108 | D:2      | Killed Robin
  1109 | D:2      | Reached XP level 4. HP: 13/38 MP: 7/7
  1700 | D:2      | Found a runed translucent door.
  1701 | D:2      | Noticed Crazy Yiuf
  2238 | D:3      | Found a glowing drain.
  2249 | D:3      | Reached skill level 3 in Spellcasting
  2297 | Sewer    | Entered a sewer
  2416 | Sewer    | Reached XP level 5. HP: 40/45 MP: 7/9
  3117 | D:4      | Noticed a black bear
  3162 | D:4      | Reached XP level 6. HP: 48/51 MP: 9/11
  3291 | D:4      | Reached skill level 1 in Axes
  3291 | D:4      | Reached skill level 4 in Spellcasting
  3405 | D:4      | Found a runed translucent gate.
  3405 | D:4      | Found a runed translucent gate.
  3405 | D:4      | Found a runed translucent gate.
  3405 | D:4      | Noticed geeeeen's ghost (novice DrWn)
  3447 | D:4      | a black bear changed into a fire bat
  3447 | D:4      | Noticed a fire bat
  3465 | D:4      | Killed a fire bat
  3514 | D:4      | Noticed Grinder
  3522 | D:4      | Paralysed by Grinder for 5 turns
  3536 | D:4      | Killed Grinder
  3537 | D:4      | Your scales start taking on a glossy black colour.
  3537 | D:4      | Reached XP level 7. HP: 36/57 MP: 11/14
  3537 | D:4      | Gained mutation: You are resistant to electric shocks.
                  | (rElec) [Black Draconian growth]
  3902 | D:4      | Reached skill level 5 in Spellcasting
  4330 | D:4      | Reached skill level 5 in Axes
  4383 | D:5      | Entered Level 5 of the Dungeon
  4414 | D:5      | Reached XP level 8. HP: 54/63 MP: 14/16
  4572 | D:5      | Learned a level 1 spell: Freeze
  4576 | D:5      | Learned a level 3 spell: Frozen Ramparts
  4628 | D:5      | Reached skill level 1 in Ice Magic
  4689 | D:5      | Found a sand-covered staircase.
  4698 | Ossuary  | Entered an ossuary
  5255 | D:2      | Killed Crazy Yiuf
  5412 | D:5      | Reached skill level 6 in Spellcasting
  5550 | D:6      | Found a runed translucent door.
  5767 | D:6      | Reached skill level 5 in Ice Magic
  5819 | D:6      | Reached XP level 9. HP: 58/69 MP: 15/18
  5917 | D:7      | Found a flagged portal.
  5958 | D:7      | Found a shimmering blue altar of Sif Muna.
  5974 | D:7      | Found a staircase to the Ecumenical Temple.
  5983 | Temple   | Entered the Ecumenical Temple
  6208 | D:6      | Found a sacrificial altar of Ru.
  6208 | D:6      | Found a radiant altar of Vehumet.
  6210 | D:6      | Found a glowing silver altar of Zin.
  6210 | D:6      | Found a hide-covered altar of Uskayaw.
  6210 | D:6      | Found a shadowy altar of Dithmenos.
  6210 | D:6      | Found a bloodstained altar of Trog.
  6216 | D:6      | Became a worshipper of Vehumet
  6297 | D:7      | Reached skill level 7 in Spellcasting
  6308 | Bailey   | Entered a bailey
  6343 | Bailey   | Learned a level 3 spell: Hailstorm
  6363 | Bailey   | Noticed an orc knight
  6395 | Bailey   | Killed an orc knight
  6713 | Bailey   | Noticed a kobold demonologist
  6727 | Bailey   | Killed a kobold demonologist
  6880 | Bailey   | Noticed a kobold demonologist
  6888 | Bailey   | Reached skill level 5 in Conjurations
  6892 | Bailey   | Noticed a hellwing
  6892 | Bailey   | Killed a kobold demonologist
  6893 | Bailey   | Reached skill level 8 in Spellcasting
  6893 | Bailey   | Reached XP level 10. HP: 67/77 MP: 9/22
  7025 | Bailey   | Reached * piety under Vehumet
  7025 | Bailey   | Offered knowledge of Magic Dart by Vehumet.
  7141 | Bailey   | Found an iron altar of Okawaru.
  7204 | Bailey   | Learned a level 2 spell: Sublimation of Blood
  7309 | D:7      | Acquired the ring of Relativism {rF+ rN+ Str+3 Dex-3 SInv}
  8234 | D:6      | Reached skill level 1 in Necromancy
  8413 | D:6      | Reached ** piety under Vehumet
  8413 | D:6      | Offered knowledge of Kiss of Death by Vehumet.
  8815 | D:8      | Found Rubboo's Lightly-Used Armoury.
  9121 | D:8      | Noticed a gargoyle
  9128 | D:8      | Killed a gargoyle
  9129 | D:8      | Reached skill level 9 in Spellcasting
  9178 | D:8      | Noticed a two-headed ogre
  9188 | D:8      | Killed a two-headed ogre
  9669 | D:9      | Offered knowledge of Poisonous Vapours by Vehumet.
  9722 | D:9      | Reached XP level 11. HP: 76/82 MP: 19/24
  9935 | D:9      | Identified the +10 falchion of Melee {protect, rCorr Str+6
                  | Dex-4}
  9970 | D:9      | Reached *** piety under Vehumet
  9973 | D:9      | Reached skill level 10 in Spellcasting
 10378 | D:9      | Found a staircase to the Lair.
 10455 | D:9      | Found an iron altar of Okawaru.
 10456 | D:9      | Found a shimmering altar of Xom.
 10457 | D:9      | Found a hazy altar of Hepliaklqana.
 10543 | D:10     | Entered Level 10 of the Dungeon
 10866 | D:10     | Identified the +2 robe "Xeimpekk" {rPois rC++ Dex-3}
 10997 | D:10     | Offered knowledge of Iskenderun's Mystic Blast by Vehumet.
 11010 | D:10     | Learned a level 4 spell: Iskenderun's Mystic Blast
 11177 | D:10     | Noticed Grum
 11186 | D:10     | Killed Grum
 11327 | D:10     | Reached **** piety under Vehumet
 11427 | D:11     | Noticed a two-headed ogre
 11436 | D:11     | Killed a two-headed ogre
 11436 | D:11     | Offered knowledge of Mephitic Cloud by Vehumet.
 11437 | D:11     | Reached skill level 11 in Spellcasting
 11546 | D:11     | Reached skill level 10 in Conjurations
 11904 | D:11     | Identified the +1 ring mail "Bacaniruy" {rCorr Slay+3}
 12085 | D:11     | Noticed a boulder beetle
 12094 | D:11     | Identified the +0 chain mail "Ity Esk" {rElec Int+3}
 12098 | D:11     | Killed a boulder beetle
 12099 | D:11     | Reached XP level 12. HP: 89/89 MP: 25/27
 12159 | D:11     | Found a staircase to the Orcish Mines.
 12190 | Orc:1    | Entered Level 1 of the Orcish Mines
 12646 | Orc:2    | Entered Level 2 of the Orcish Mines
 12646 | Orc:2    | Found Nopo's Antique Weapon Shop.
 12711 | Lair:1   | Entered Level 1 of the Lair of Beasts
 12893 | D:9      | Reached skill level 12 in Spellcasting
 13187 | Lair:1   | Reached ***** piety under Vehumet
 13247 | Lair:1   | Found a hazy altar of Hepliaklqana.
 13303 | Lair:1   | Offered knowledge of Sticky Flame by Vehumet.
 13319 | Lair:1   | Learned a level 4 spell: Sticky Flame
 13469 | Lair:1   | Reached skill level 1 in Fire Magic
 14203 | Lair:2   | Found a frozen archway.
 14345 | IceCv    | Entered an ice cave
 14630 | IceCv    | Identified the +0 pair of boots "Ywin" {*Slow Fly Str-4
                  | Int+8}
 14694 | IceCv    | Reached skill level 5 in Fire Magic
 15062 | IceCv    | Noticed a reaper
 15116 | IceCv    | Killed a reaper
 15117 | IceCv    | Reached skill level 1 in Shields
 15150 | IceCv    | Reached XP level 13. HP: 90/94 MP: 29/29
 15386 | IceCv    | Identified the ring "Heirghuar" {rN+ Str+3 Int-2 Dex+3
                  | Slay+4}
 15873 | Lair:2   | Found a staircase to the Snake Pit.
 16130 | Lair:2   | Reached skill level 13 in Spellcasting
 16808 | Lair:3   | Found a staircase to the Swamp.
 16932 | Lair:3   | Noticed Gastronok
 17023 | Lair:3   | Killed Gastronok
 17136 | Lair:3   | Offered knowledge of Plasma Beam by Vehumet.
 17161 | Lair:3   | Learned a level 5 spell: Plasma Beam
 17381 | Lair:3   | Learned a level 3 spell: Swiftness
 17384 | Lair:3   | Reached skill level 1 in Air Magic
 17468 | Lair:3   | Found a runed translucent door.
 17468 | Lair:3   | Noticed Foabaekk's ghost (journeyman GrMo)
 18005 | Lair:4   | Found a staircase to the Slime Pits.
 18610 | Lair:5   | Entered Level 5 of the Lair of Beasts
 18731 | Lair:5   | Gained mutation: Your large and strong wings let you fly.
                  | [Black Draconian growth]
 18731 | Lair:5   | Reached XP level 14. HP: 95/102 MP: 25/31
 18743 | Lair:5   | Reached skill level 5 in Shields
 19340 | Lair:5   | Reached skill level 10 in Fire Magic
 19761 | Lair:5   | Reached ****** piety under Vehumet
 19806 | Lair:5   | Found a burning altar of Makhleb.
 19816 | Lair:5   | Offered knowledge of Ozocubu's Refrigeration by Vehumet.
 19817 | Lair:5   | Found a gateway to Hell.
 19981 | Lair:5   | Learned a level 7 spell: Ozocubu's Refrigeration
 20245 | Orc:2    | Reached skill level 14 in Spellcasting
 20342 | Orc:2    | Found Yqaarr's Jewellery Boutique.
 20404 | Orc:2    | Found a staircase to the Elven Halls.
 20544 | Orc:2    | Noticed an orc warlord
 20645 | Orc:2    | Killed an orc warlord
 20907 | Orc:2    | Found Loud's Antique Armour Boutique.
 21111 | Orc:2    | Bought a pair of embroidered gloves for 195 gold pieces
 21140 | Orc:2    | Found Qupt's General Store.
 21149 | Orc:2    | Bought a potion of heal wounds for 65 gold pieces
 21149 | Orc:2    | Bought a scroll of blinking for 97 gold pieces
 21149 | Orc:2    | Bought a scroll of magic mapping for 97 gold pieces
 21149 | Orc:2    | Bought a scroll of summoning for 123 gold pieces
 21490 | D:12     | Offered knowledge of Fireball by Vehumet.
 21505 | D:12     | Learned a level 5 spell: Fireball
 21626 | D:12     | Reached XP level 15. HP: 100/107 MP: 23/33
 21834 | D:12     | Found a runed translucent gate.
 21835 | D:12     | Found a runed translucent gate.
 21835 | D:12     | Noticed Xqipyl's ghost (journeyman GrFE)
 21836 | D:12     | Found a runed translucent gate.
 22328 | D:12     | Found a portal to a secret trove of treasure.
 22573 | D:12     | Killed Xqipyl's ghost
 22806 | D:13     | Found a white marble altar of Elyvilon.
 22867 | D:13     | Found Teicye's Jewellery Shoppe.
 22894 | D:13     | Bought the ring of Knowledge {Fire rPois Slay+2} for 624
                  | gold pieces
 23024 | D:13     | Reached skill level 10 in Ice Magic
 23209 | D:13     | Found a gate to the Vaults.
 23735 | D:14     | Offered knowledge of Lee's Rapid Deconstruction by Vehumet.
 24400 | D:14     | Found a blossoming altar of Fedhas.
 24502 | D:14     | Found a shadowy altar of Dithmenos.
 24547 | D:14     | Reached XP level 16. HP: 114/114 MP: 34/34
 24722 | D:15     | Entered Level 15 of the Dungeon
 24739 | D:15     | Noticed Josephine
 24740 | D:15     | Killed Josephine
 24845 | D:15     | Found a glowing golden altar of the Shining One.
 24845 | D:15     | Found a glowing silver altar of Zin.
 24845 | D:15     | Found a white marble altar of Elyvilon.
 24955 | D:15     | Reached skill level 15 in Spellcasting
 25067 | D:15     | Noticed Jorgrun
 25071 | D:15     | Reached skill level 15 in Conjurations
 25072 | D:15     | Killed Jorgrun
 25299 | D:15     | Found a staircase to the Depths.
 25385 | D:15     | Reached XP level 17. HP: 119/119 MP: 10/36
 25557 | D:15     | Found Wetoweph's Weapon Emporium.
 25844 | Swamp:1  | Entered Level 1 of the Swamp
 25850 | Swamp:1  | Offered knowledge of Iron Shot by Vehumet.
 26320 | Swamp:1  | Noticed Roxanne
 26329 | Swamp:1  | Learned a level 6 spell: Iron Shot
 26401 | Swamp:2  | Identified the ring of Yredelemnul's Approval {rPois rF+
                  | Will+ Int+6}
 26529 | Swamp:2  | Reached skill level 16 in Spellcasting
 26878 | Swamp:2  | Identified the +1 chain mail of Huug {Str+2 Dex+4}
 27073 | Swamp:3  | Noticed Donald
 27073 | Swamp:3  | Noticed Kirke
 27077 | Swamp:3  | Killed Kirke
 27078 | Swamp:3  | Killed Donald
 27175 | Swamp:3  | Found a runed translucent gate.
 27175 | Swamp:3  | Found a runed translucent gate.
 27175 | Swamp:3  | Found a runed translucent gate.
 27176 | Swamp:3  | Identified the ring "Nushowk" {rElec rPois Int+3}
 27181 | Swamp:3  | Noticed a tentacled monstrosity
 27181 | Swamp:3  | Noticed Ychix's ghost (journeyman GnSk)
 27261 | Swamp:3  | Reached skill level 1 in Dodging
 27324 | Swamp:3  | Found the +16 obsidian axe {drain, demonic, Mesm Drain Fly
                  | SInv}
 27482 | Swamp:3  | Offered knowledge of Ignition by Vehumet.
 27620 | Swamp:4  | Entered Level 4 of the Swamp
 27636 | Swamp:3  | Learned a level 8 spell: Ignition
 28304 | Swamp:4  | Got a decaying rune of Zot
 28537 | Elf:1    | Entered Level 1 of the Elven Halls
 28915 | Elf:1    | Noticed Nikola
 28921 | Elf:1    | Killed Nikola
 28922 | Elf:1    | Reached XP level 18. HP: 106/127 MP: 19/38
 28990 | Elf:1    | Reached skill level 15 in Fire Magic
 29114 | Elf:1    | Got the Opusculum on the Volley
 29164 | Elf:1    | Found Kiugedd's Antique Weapon Boutique.
 29398 | Elf:1    | Bought a scorched war axe for 263 gold pieces
 29398 | Elf:1    | Identified the +1 war axe of Dupod {heavy, rElec rF+} (You
                  | bought it in a shop on level 1 of the Elven Halls)
 29572 | Elf:2    | Paralysed by an air elemental for 1 turns
 30139 | Elf:2    | Found a runed translucent gate.
 30140 | Elf:2    | Found a runed translucent gate.
 30140 | Elf:2    | Found a runed translucent gate.
 30377 | Elf:3    | Entered Level 3 of the Elven Halls
 31620 | Elf:3    | Offered knowledge of Fire Storm by Vehumet.
 31620 | Elf:3    | Offered knowledge of Chain Lightning by Vehumet.
 31620 | Elf:3    | Offered knowledge of Maxwell's Capacitive Coupling by
                  | Vehumet.
 31701 | Elf:3    | Reached skill level 5 in Fighting
 32242 | Elf:3    | Noticed a Tzitzimitl
 32270 | Elf:3    | Got the Papyrus of the Manifold Ghosts
 32314 | Elf:3    | Identified the ring of Hemistrak {rC++ Str-4 Int+3 SInv}
 32367 | Elf:3    | Identified the staff of poison "Heoll" {rPois rF+ Will+}
 32723 | Snake:1  | Entered Level 1 of the Snake Pit
 32892 | Snake:1  | Reached XP level 19. HP: 143/143 MP: 26/39
 33135 | Snake:1  | Got the Discursus on Virulence
 33562 | Snake:2  | Reached skill level 17 in Spellcasting
 33668 | Snake:2  | Reached skill level 5 in Dodging
 34537 | Snake:3  | Got Simple Sorcery
 34611 | Snake:4  | Entered Level 4 of the Snake Pit
 34716 | Snake:4  | Noticed Aizul
 35033 | Snake:4  | Killed Aizul
 35137 | Snake:4  | Identified the ring of the Ancients {rC+ rCorr Int-4 Dex+3}
 35292 | Snake:4  | Learned a level 9 spell: Fire Storm
 35870 | Snake:4  | Got a serpentine rune of Zot
 36821 | Vaults:1 | Entered Level 1 of the Vaults
 36961 | Vaults:1 | Found a crumbling gateway.
 36973 | Desolati | Entered the Desolation of Salt
 37111 | Desolati | Reached XP level 20. HP: 160/160 MP: 6/41
 37258 | Desolati | Identified the amulet "Soos" {Acrobat rC++ rCorr Dex-3
                  | Slay+5}
 37387 | Desolati | Reached skill level 10 in Fighting
 37438 | Desolati | Reached skill level 18 in Spellcasting
 37583 | Desolati | Identified the ring of Voocuabb {AC+4 Str+4 Int-3}
 37850 | Desolati | Identified the staff of cold "Ming" {rC+ Int-3 Dex+4}
 37899 | Desolati | Identified the +0 robe "Ovahoha" {Drain Str+6 SInv}
 37908 | Desolati | Identified the ring of Daisies {*Corrode rElec rF+ Dex+2}
 37965 | Desolati | Identified the ring of Miun {Wiz Dex+5}
 38059 | Desolati | Identified the +4 long sword of Bessuiss {holy, rElec Str+7
                  | Int-3}
 38062 | Desolati | Identified the +1 shortbow of Ignis, Enfolding {antimagic,
                  | rN+ Will+ Str-5}
 38131 | Desolati | Identified the +0 chain mail "Sott" {rElec rC+ Int+2}
 38196 | Desolati | Got Jooq's Almanac of Electricity and Generation
 38202 | Desolati | Got the Directory of Foggy Orogeny
 38429 | Desolati | Got Sif Muna's Incunable of Unstable Evil
 38879 | Vaults:1 | Found Lourch's Antique Weapon Boutique.
 39449 | Vaults:2 | Found Keonaash's Book Boutique.
 39452 | Vaults:2 | Noticed Mara
 39458 | Vaults:2 | Killed Mara
 40145 | Vaults:2 | Reached XP level 21. HP: 132/174 MP: 39/43
 40248 | Vaults:2 | Found Keikhlyx's Weapon Boutique.
 40257 | Vaults:2 | Found Otsoheud's Book Shop.
 40901 | Vaults:2 | Identified the +0 robe of Distant Shores {Dex+2}
 41186 | Vaults:3 | Reached skill level 19 in Spellcasting
 42333 | Vaults:3 | Found a staircase to the Crypt.
 43135 | Vaults:4 | Reached XP level 22. HP: 189/189 MP: 27/45
 43454 | Vaults:4 | Noticed a dread lich
 43459 | Vaults:4 | Killed a dread lich
 43558 | Vaults:4 | Reached skill level 20 in Spellcasting
 43712 | Vaults:4 | Found Niroll's General Store.
 43719 | Vaults:4 | Bought 3 scrolls of enchant armour for 517 gold pieces
 44446 | Swamp:3  | Killed Ychix's ghost
 44548 | Slime:1  | Entered Level 1 of the Pits of Slime
 44725 | Slime:5  | Entered Level 5 of the Pits of Slime
 44748 | Slime:5  | Reached skill level 15 in Fighting
 44790 | Slime:5  | Noticed the Royal Jelly
 44794 | Slime:5  | Killed the Royal Jelly
 44845 | Slime:5  | Found the +11 plutonium sword {Contam Stlth-}
 44848 | Slime:5  | Found the +9 sword of Zonguldrok {reap}
 44861 | Slime:5  | Got the Handbook of Crystalline Translocation
 44874 | Slime:5  | Got a slimy rune of Zot
 44923 | Slime:5  | Identified the +5 chain mail "Ofruihio" {MP+9 Dex+3}
 44927 | Slime:5  | Identified the ring "Pibeikh" {MP+9 Str+5}
 44968 | Slime:5  | Identified the amulet "Lotinid" {RegenMP Rampage *Slow rC++
                  | rN+}
 45420 | Vaults:5 | Entered Level 5 of the Vaults
 45422 | Vaults:5 | Noticed Bai Suzhen
 45499 | Vaults:5 | Reached XP level 23. HP: 178/199 MP: 33/47
 45542 | Vaults:5 | Learned a level 8 spell: Necromutation
 45789 | Vaults:5 | Reached skill level 10 in Shields
 46097 | Vaults:5 | Noticed a dread lich
 46103 | Vaults:5 | Killed a dread lich
 46104 | Vaults:5 | Killed a dread lich
 46105 | Vaults:5 | Reached skill level 5 in Necromancy
 46134 | Vaults:5 | Noticed an ancient lich
 46136 | Vaults:5 | Killed an ancient lich
 46145 | Vaults:5 | Killed Bai Suzhen
 46376 | Vaults:5 | Noticed an ancient lich
 46381 | Vaults:5 | Killed an ancient lich
 46484 | Vaults:5 | Identified the +5 leather armour "Wockaroc" {rN+}
 46501 | Vaults:5 | Reached skill level 21 in Spellcasting
 46618 | Vaults:5 | Found Ryasuown's Armour Boutique.
 46664 | Vaults:5 | Identified the amulet of the Barracuda {Spirit Harm}
 46986 | Vaults:5 | Identified the staff of earth "Xucupli" {rPois rF+ Str+3}
 46988 | Vaults:5 | Got a silver rune of Zot
 47241 | Vaults:5 | Identified the staff of cold "Uqept" {rC+ rN+ Will+ Int+3
                  | Stlth+}
 47540 | Depths:1 | Entered Level 1 of the Depths
 47798 | Depths:1 | Found a shimmering altar of Xom.
 47799 | Depths:1 | Found a shimmering altar of Xom.
 47799 | Depths:1 | Found a shimmering altar of Xom.
 47800 | Depths:1 | Found a shimmering altar of Xom.
 47800 | Depths:1 | Found a shimmering altar of Xom.
 47801 | Depths:1 | Found a shimmering altar of Xom.
 47855 | Depths:1 | Identified the +6 halberd "Dush" {freeze, Str+2 Stlth+}
 47878 | Depths:1 | Found a one-way gate leading to the halls of Pandemonium.
 47960 | Depths:1 | Found Kibau's Book Emporium.
 47960 | Depths:1 | Found Bairph's Jewellery Shop.
 47961 | Depths:1 | Found Vytiro's Book Emporium.
 48142 | Depths:2 | Reached XP level 24. HP: 198/206 MP: 48/48
 48667 | Depths:2 | Found a one-way gateway to a ziggurat.
 49027 | Depths:2 | Got the Atlas of Polluted Thunder
 49030 | Depths:2 | Identified the staff of death "Fusiel" {rN+ Stlth+}
 49349 | Depths:2 | Found a glowing golden altar of the Shining One.
 49537 | Depths:3 | Found a magical portal.
 49549 | WizLab   | Entered Lehudib's Moon Base
 49638 | WizLab   | Found a transporter.
 50190 | WizLab   | Identified the ring "Noteguiq" {rF+ Int+6}
 50234 | WizLab   | Found a transporter.
 50266 | WizLab   | Reached XP level 25. HP: 206/213 MP: 48/48
 50560 | WizLab   | Got Lehudib's Folio of the Gargoyle and Power
 50585 | WizLab   | Got the Handbook of the Voltaic Flock
 50587 | WizLab   | Identified the ring "Boabb" {Fly rC+ MP-9 Str+6 Int+3}
 50590 | WizLab   | Identified the ring "Zegoehu" {Fly rElec Will+ Str+5}
 50620 | Depths:3 | Found a one-way gate to the infinite horrors of the Abyss.
 50678 | Depths:3 | Found an ancient bone altar of Kikubaaqudgha.
 50842 | Depths:3 | Reached skill level 10 in Necromancy
 51138 | Depths:3 | Reached skill level 22 in Spellcasting
 51343 | Depths:4 | Entered Level 4 of the Depths
 51443 | Depths:4 | Reached skill level 5 in Transmutations
 51513 | Depths:4 | Reached skill level 1 in Earth Magic
 51953 | Depths:3 | Identified the +3 quarterstaff of Untruth {flame, rC++
                  | Str+3}
 52049 | Depths:4 | Found a gate to the Realm of Zot.
 52237 | Zig:1    | Entered Level 1 of a ziggurat
 52241 | Zig:1    | Reached skill level 15 in Shields
 52262 | Zig:2    | Entered Level 2 of a ziggurat
 52280 | Zig:2    | Identified the +10 rapier "Viky" {speed, Int+5}
 52286 | Zig:3    | Entered Level 3 of a ziggurat
 52308 | Zig:4    | Entered Level 4 of a ziggurat
 52332 | Zig:4    | Identified the ring "Xuenel" {rC- Will+ AC+4 Str-4 Dex+5}
 52338 | Zig:5    | Entered Level 5 of a ziggurat
 52384 | Zig:5    | Identified the +8 hand axe of the Tired Queens {spect, rF+
                  | rC+}
 52454 | Zig:6    | Entered Level 6 of a ziggurat
 52461 | Zig:6    | Noticed an orb of fire
 52492 | Zig:6    | Identified the +8 short sword "Beetleslayer" {flame, rC+}
 52502 | Zig:7    | Entered Level 7 of a ziggurat
 52507 | Zig:7    | Found the -2 hat of the Alchemist {rElec rPois rF+ rC+ rN+
                  | Will+ rMut rCorr}
 52551 | Zig:8    | Entered Level 8 of a ziggurat
 52557 | Zig:8    | Noticed a dread lich
 52557 | Zig:8    | Found the amulet of Vitality {RegenMP++ Regen++}
 52560 | Zig:8    | Killed a dread lich
 52581 | Zig:8    | Got the Volume of the Rattlesnake
 52603 | Zig:9    | Entered Level 9 of a ziggurat
 52631 | Zig:9    | Identified the +0 scale mail of the Lost Continents {rElec
                  | Will- Int+4}
 52662 | Zig:9    | Learned a level 9 spell: Chain Lightning
 52663 | Zig:10   | Entered Level 10 of a ziggurat
 52670 | Zig:10   | Noticed a dread lich
 52672 | Zig:10   | Killed a dread lich
 52695 | Zig:10   | Identified the staff of air "Josifa" {rElec rPois rN+}
 52701 | Zig:10   | Identified the +0 flail "Yxtueded" {drain, rPois Dex+2}
 52706 | Zig:11   | Entered Level 11 of a ziggurat
 52709 | Zig:11   | Noticed a juggernaut
 52710 | Zig:11   | Noticed a juggernaut
 52712 | Zig:11   | Killed a juggernaut
 52714 | Zig:11   | Killed a juggernaut
 52716 | Zig:11   | Noticed a juggernaut
 52721 | Zig:11   | Reached skill level 5 in Air Magic
 52721 | Zig:11   | Killed a juggernaut
 52734 | Zig:11   | Found the +4 consecrated labrys {holy, Valiant Fragile Fly
                  | SInv}
 52760 | Zig:11   | Identified the staff of conjuration "Eporitis" {rElec rC+
                  | rN+}
 52769 | Zig:11   | Identified the +0 chain mail of Veninn {Harm rPois Stlth+}
 52773 | Zig:12   | Entered Level 12 of a ziggurat
 52781 | Zig:12   | Reached XP level 26. HP: 224/224 MP: 49/49
 52827 | Zig:13   | Entered Level 13 of a ziggurat
 52880 | Zig:13   | Got the Atlas of the Swarm and Guile
 52884 | Zig:13   | Reached XP level 27. HP: 231/231 MP: 49/49
 52887 | Zig:14   | Entered Level 14 of a ziggurat
 52896 | Zig:14   | Reached skill level 10 in Transmutations
 52920 | Zig:14   | Identified the amulet of Ruvvank {Reflect rN++ Will- Regen+
                  | Str+3 SH+5}
 52933 | Zig:14   | Identified the +1 dagger of Generosity {drain, *Noise rElec
                  | Str+4 Int-5}
 52935 | Zig:14   | Identified the +0 ring mail "Jusau" {rF+ Will+}
 52948 | Zig:15   | Entered Level 15 of a ziggurat
 52958 | Zig:15   | Found the amulet of the Air {Inacc Air Fly rElec RMsl}
 52994 | Zig:15   | Identified the +10 long sword "Suomasuwe" {flame, rC-
                  | Str+4}
 53001 | Zig:15   | Identified the +5 glaive "Fuihe" {protect, rF+ MP+9}
 53029 | Zig:16   | Entered Level 16 of a ziggurat
 53039 | Zig:16   | Noticed an ancient lich
 53039 | Zig:16   | Found the +3 pair of mountain boots {steadfast, rC+}
 53042 | Zig:16   | Killed an ancient lich
 53043 | Zig:16   | Killed a dread lich
 53085 | Zig:16   | Identified the staff of air "Dank" {rElec rC+ Int+7}
 53109 | Zig:16   | Identified the +9 longbow "Ischyenk" {flame, Contam rPois
                  | Int+5 SInv}
 53118 | Zig:16   | Got Cenwyerph's Volume of the Polluted Torch
 53121 | Zig:17   | Entered Level 17 of a ziggurat
 53142 | Zig:17   | Noticed Uquetuys the pandemonium lord
 53145 | Zig:17   | Killed Uquetuys the pandemonium lord
 53233 | Zig:17   | Got Soocuek's Directory of Scintillating Shifting
 53238 | Zig:17   | Identified the staff of earth "Tohiotye" {Int+3}
 53239 | Zig:17   | Identified the ring "Qahufoz" {rF+ rCorr Int-2 Dex+3}
 53242 | Zig:17   | Identified the ring "Byuw" {Fly Will- Int+7}
 53245 | Zig:17   | Got the Octavo of Battling
 53248 | Zig:18   | Entered Level 18 of a ziggurat
 53258 | Zig:18   | Reached skill level 23 in Spellcasting
 53278 | Zig:18   | Reached skill level 15 in Necromancy
 53342 | Zig:18   | Found the macabre finger necklace {Finger+ rN+}
 53350 | Zig:18   | Identified the +7 great mace of the Many Yaks {chaos,
                  | Fragile rElec Will+ Int+5}
 53351 | Zig:18   | Identified the ring of Qeti Inuzeru {rF+ Str+3 Int+6}
 53354 | Zig:18   | Identified the ring "Wut Eny" {rPois rF+ Will+ rCorr SInv}
 53366 | Zig:18   | Identified the +1 ring mail "Eniod" {Harm Will+ Int+3}
 53370 | Zig:18   | Got the Treatise on Intoxicating Cleavage
 53371 | Zig:18   | Identified the +0 quarterstaff of Lopinuroj {flame, rF+
                  | Int+3}
 53375 | Zig:18   | Identified the staff of death "Hecuq" {Drain Fly rC+ rN+
                  | Will+ Stlth+}
 53376 | Zig:18   | Identified the +7 ring mail "Inyureorch" {Dex+7}
 53377 | Zig:18   | Identified the staff of cold "Piwiups" {Contam rPois rC+
                  | Dex+2}
 53382 | Zig:18   | Got the Treatise on Noxious Rime
 53384 | Zig:18   | Identified the +7 dagger "Teip" {venom, Drain rElec rN+++
                  | MP+9}
 53390 | Zig:18   | Identified the +1 plate armour of Buygyitu {rC+ Int+3}
 53407 | Zig:19   | Entered Level 19 of a ziggurat
 53425 | Zig:19   | Reached skill level 10 in Air Magic
 53443 | Zig:19   | Found the +8 frozen axe "Frostbite" {freeze, freezing
                  | cloud, *Noise Fly rC+}
 53452 | Zig:19   | Identified the +6 morningstar "Peyshuu" {venom, rPois rF+
                  | rCorr}
 53464 | Zig:19   | Identified the +4 broad axe of the Scorching Shrike {heavy,
                  | rF+ rN+ Dex-4}
 53470 | Zig:19   | Identified the +3 flail "Fotzih" {drain, rF+ rC+ Will-
                  | Stlth+}
 53473 | Zig:19   | Identified the +8 mace "Ypal" {spect, Fly rCorr}
 53487 | Zig:19   | Acquired the ring of Starshine {Fly rN+++ AC+4 Str-5 Dex-3}
 53494 | Zig:20   | Entered Level 20 of a ziggurat
 53518 | Zig:20   | Reached skill level 10 in Dodging
 53535 | Zig:20   | Found the +8 longbow "Zephyr" {speed, Dex+3 SInv}
 53536 | Zig:20   | Found the +2 Maxwell's thermic engine {flame, freeze, rev}
 53543 | Zig:20   | Identified the +4 rapier "Egomackycw" {flame, Dex+2}
 53544 | Zig:20   | Identified the +5 halberd "Naast" {holy, Will+}
 53550 | Zig:20   | Identified the +10 rapier of Impatience {freeze, rN+++
                  | Str+6 Dex-5}
 53573 | Zig:20   | Got Qos Huas's Tome of Shadows and Stones
 53575 | Zig:20   | Identified the +3 scale mail of the Spheres {Str+6 Int-2
                  | Slay+2}
 53580 | Zig:20   | Identified the staff of poison "Jucamergho" {Drain rPois
                  | MP+9 Int+5}
 53612 | Zig:21   | Entered Level 21 of a ziggurat
 53619 | Zig:21   | Noticed a royal mummy
 53619 | Zig:21   | Noticed a royal mummy
 53619 | Zig:21   | Noticed a royal mummy
 53622 | Zig:21   | Killed a royal mummy
 53622 | Zig:21   | Killed a royal mummy
 53624 | Zig:21   | Killed a royal mummy
 53625 | Zig:21   | Noticed a royal mummy
 53629 | Zig:21   | Noticed a royal mummy
 53630 | Zig:21   | Killed a royal mummy
 53631 | Zig:21   | Killed a royal mummy
 53632 | Zig:21   | Noticed a royal mummy
 53633 | Zig:21   | Killed a royal mummy
 53645 | Zig:21   | Noticed a royal mummy
 53648 | Zig:21   | Killed a royal mummy
 53701 | Zig:21   | Identified the ring "Tafashem" {rPois Int+7 SInv}
 53709 | Zig:21   | Identified the staff of cold "Tuxeg" {rF++ rC+ Int+2}
 53716 | Zig:21   | Identified the +7 dagger of the Sage {elec, rN+++ Str+5
                  | Stlth-}
 53717 | Zig:21   | Identified the +10 war axe of Stickiness {venom, Contam
                  | rPois rC++ Int+2}
 53720 | Zig:21   | Identified the ring "Docw" {Fire Str+6 Int+4}
 53733 | Zig:21   | Got the Volume of Frostbitten Ouranomancy
 53736 | Zig:21   | Identified the +0 ring mail of Negligence {rN+ Int+4}
 53766 | Zig:22   | Entered Level 22 of a ziggurat
 53900 | Zig:22   | Identified the +9 short sword of Light {freeze, Str+2}
 53908 | Zig:22   | Identified the +5 quarterstaff "Nuobb" {heavy, rElec rCorr
                  | Str-5 SInv}
 53911 | Zig:22   | Identified the ring of the Evil One {rElec rC- Will+ MP+9
                  | Dex+5}
 53932 | Zig:22   | Reached skill level 24 in Spellcasting
 53943 | Zig:23   | Entered Level 23 of a ziggurat
 53980 | Zig:23   | Reached skill level 15 in Air Magic
 53995 | Zig:23   | Identified the staff of poison "Erups" {rElec rPois rC++
                  | rN+ Str-3}
 54002 | Zig:23   | Identified the +0 dire flail of Jupsah {drain, rCorr Int+3}
 54035 | Zig:23   | Identified the amulet of the Supporting Gods {Acrobat
                  | rElec}
 54357 | Crypt:1  | Entered Level 1 of the Crypt
 54390 | Crypt:1  | Reached skill level 1 in Long Blades
 54809 | Crypt:2  | Noticed Zenata
 54810 | Crypt:2  | Killed Zenata
 55184 | Crypt:2  | Noticed Margery
 55188 | Crypt:2  | Killed Margery
 55600 | Crypt:3  | Entered Level 3 of the Crypt
 55617 | Crypt:3  | Reached skill level 5 in Long Blades
 55935 | Crypt:3  | Found a staircase to the Tomb.
 56042 | Crypt:3  | Found a burning altar of Makhleb.
 56047 | Crypt:3  | Found a glowing golden altar of the Shining One.
 56166 | Crypt:3  | Found the +8 arc blade {discharge, rElec}
 56457 | Crypt:3  | Found a basalt altar of Yredelemnul.
 56461 | Crypt:3  | Found an ancient bone altar of Kikubaaqudgha.
 56496 | Crypt:3  | Found the +7 sceptre of Torment {pain, torment}
 56628 | Tomb:1   | Entered Level 1 of the Tomb of the Ancients
 56822 | Tomb:1   | Noticed a royal mummy
 56826 | Tomb:1   | Killed a royal mummy
 56853 | Tomb:1   | Noticed a royal mummy
 56855 | Tomb:1   | Killed a royal mummy
 56984 | Tomb:2   | Reached skill level 5 in Earth Magic
 56984 | Tomb:2   | Noticed a royal mummy
 56985 | Tomb:2   | Noticed a royal mummy
 56986 | Tomb:2   | Noticed a royal mummy
 56986 | Tomb:2   | Noticed a royal mummy
 56988 | Tomb:2   | Killed a royal mummy
 56989 | Tomb:2   | Killed a royal mummy
 56989 | Tomb:2   | Noticed a royal mummy
 57000 | Tomb:2   | Killed a royal mummy
 57000 | Tomb:2   | Killed a royal mummy
 57001 | Tomb:2   | Killed a royal mummy
 57092 | Tomb:2   | Reached skill level 10 in Long Blades
 57255 | Tomb:1   | Noticed a royal mummy
 57256 | Tomb:1   | Noticed a royal mummy
 57257 | Tomb:1   | Killed a royal mummy
 57258 | Tomb:1   | Killed a royal mummy
 57259 | Tomb:1   | Noticed a royal mummy
 57262 | Tomb:1   | Noticed a royal mummy
 57264 | Tomb:1   | Killed a royal mummy
 57264 | Tomb:1   | Killed a royal mummy
 57268 | Tomb:1   | Noticed a royal mummy
 57272 | Tomb:1   | Killed a royal mummy
 57272 | Tomb:1   | Killed a royal mummy
 57289 | Tomb:1   | Got the Tractate on Weather and the Fifth Circle
 57335 | Tomb:1   | Noticed a royal mummy
 57340 | Tomb:1   | Killed a royal mummy
 57348 | Tomb:1   | Noticed a royal mummy
 57348 | Tomb:1   | Noticed a royal mummy
 57351 | Tomb:1   | Killed a royal mummy
 57353 | Tomb:1   | Killed a royal mummy
 57363 | Tomb:1   | Noticed a royal mummy
 57365 | Tomb:1   | Killed a royal mummy
 57380 | Tomb:1   | Noticed a royal mummy
 57384 | Tomb:1   | Killed a royal mummy
 57440 | Tomb:1   | Noticed a royal mummy
 57441 | Tomb:1   | Noticed a royal mummy
 57444 | Tomb:1   | Killed a royal mummy
 57444 | Tomb:1   | Killed a royal mummy
 57461 | Tomb:1   | Noticed a royal mummy
 57463 | Tomb:1   | Killed a royal mummy
 57478 | Tomb:1   | Noticed a royal mummy
 57484 | Tomb:1   | Killed a royal mummy
 57626 | Tomb:3   | Entered Level 3 of the Tomb of the Ancients
 57636 | Tomb:3   | Reached skill level 10 in Earth Magic
 57652 | Tomb:3   | Noticed a royal mummy
 57652 | Tomb:3   | Noticed a royal mummy
 57654 | Tomb:3   | Killed a royal mummy
 57655 | Tomb:3   | Killed a royal mummy
 57656 | Tomb:3   | Noticed a royal mummy
 57656 | Tomb:3   | Noticed a royal mummy
 57658 | Tomb:3   | Killed a royal mummy
 57658 | Tomb:3   | Killed a royal mummy
 57659 | Tomb:3   | Killed a royal mummy
 57659 | Tomb:3   | Noticed a royal mummy
 57659 | Tomb:3   | Noticed a royal mummy
 57660 | Tomb:3   | Killed a royal mummy
 57660 | Tomb:3   | Noticed a royal mummy
 57661 | Tomb:3   | Killed a royal mummy
 57662 | Tomb:3   | Killed a royal mummy
 57663 | Tomb:3   | Killed a royal mummy
 57733 | Tomb:3   | Identified the amulet "Lite" {Spirit -Cast rPois Int-3
                  | SInv}
 57894 | Tomb:3   | Found the +0 staff of Battle
 57929 | Tomb:3   | Identified the +2 demon blade of Sequestration {drain,
                  | Int+2}
 57948 | Tomb:3   | Identified the staff of fire "Xemib" {rF+ Will+}
 57958 | Tomb:3   | Got Ehouh's Parchment of Glamour and the Traveller
 57959 | Tomb:3   | Identified the +3 arbalest of Numeplel {freeze, rElec Will+
                  | Int+4 Dex+3}
 57972 | Tomb:3   | Identified the +7 scimitar of Mastery {heavy, *Noise Will+
                  | Str+3 Int+3}
 57974 | Tomb:3   | Identified the +8 lajatang of Fimbulwinter {drain, rC-
                  | Dex+4}
 57975 | Tomb:3   | Identified the staff of earth "Ofoyddox" {rC+ Str+3}
 58048 | Tomb:3   | Got a golden rune of Zot
 58742 | Zot:1    | Entered Level 1 of the Realm of Zot
 58922 | Zot:1    | Found the +4 dragonskin cloak
 58922 | Zot:1    | Noticed Tiamat
 58927 | Zot:1    | Killed Tiamat
 59001 | Zot:1    | Identified the +2 short sword of the Shore {pain, *Noise
                  | *Corrode Will+++ Int+7}
 59008 | Zot:1    | Noticed a dread lich
 59011 | Zot:1    | Killed a dread lich
 59106 | Zot:1    | Noticed a dread lich
 59108 | Zot:1    | Killed a dread lich
 59122 | Zot:1    | Noticed a dread lich
 59124 | Zot:1    | Killed a dread lich
 59130 | Zot:1    | Noticed a dread lich
 59132 | Zot:1    | Killed a dread lich
 59162 | Zot:1    | Noticed a dread lich
 59164 | Zot:1    | Killed a dread lich
 59727 | Zot:2    | Reached skill level 15 in Earth Magic
 59896 | Zot:2    | Found a transporter.
 59896 | Zot:2    | Identified the ring of Abstinence {Ice SInv}
 59896 | Zot:2    | Noticed an orb of fire
 59912 | Zot:2    | Found a transporter.
 59912 | Zot:2    | Found a transporter.
 60071 | Zot:2    | Found a transporter.
 60210 | Zot:2    | Found a transporter.
 60440 | Zot:2    | Killed an orb of fire
 60490 | Zot:2    | Identified the +1 pair of boots of Hubris {rElec Int+2}
 60530 | Zot:3    | Noticed an orb of fire
 60541 | Zot:3    | Killed an orb of fire
 60542 | Zot:3    | Reached skill level 15 in Long Blades
 60621 | Zot:3    | Noticed an orb of fire
 60626 | Zot:3    | Killed an orb of fire
 61467 | Zot:4    | Learned a level 9 spell: Shatter
 62190 | Zot:5    | Entered Level 5 of the Realm of Zot
 62302 | Zot:5    | Noticed an ancient lich
 62306 | Zot:5    | Killed an ancient lich
 62346 | Zot:5    | Learned a level 4 spell: Passage of Golubria
 62355 | Zot:5    | Noticed a dread lich
 62357 | Zot:5    | Noticed an orb of fire
 62365 | Zot:5    | Killed an orb of fire
 62372 | Zot:5    | Killed a dread lich
 62377 | Zot:5    | Noticed a dread lich
 62379 | Zot:5    | Killed a dread lich
 62393 | Zot:5    | Noticed an orb of fire
 62397 | Zot:5    | Noticed an orb of fire
 62400 | Zot:5    | Killed an orb of fire
 62402 | Zot:5    | Killed an orb of fire
 62412 | Zot:5    | Noticed an ancient lich
 62415 | Zot:5    | Killed an ancient lich
 63036 | Pan      | Entered Pandemonium
 63062 | Pan      | Noticed Gomy the pandemonium lord
 63068 | Pan      | Killed Gomy the pandemonium lord
 63111 | Pan      | Entered the realm of Lom Lobon.
 63196 | Pan      | Noticed Lom Lobon
 63200 | Pan      | Killed Lom Lobon
 63225 | Pan      | Got a magical rune of Zot
 63473 | Pan      | Noticed Koeza the pandemonium lord
 63476 | Pan      | Killed Koeza the pandemonium lord
 63498 | Pan      | Got a demonic rune of Zot
 63569 | Pan      | Entered the realm of Mnoleg.
 63757 | Pan      | Noticed Mnoleg
 63761 | Pan      | Killed Mnoleg
 63772 | Pan      | Got a glowing rune of Zot
 63874 | Pan      | Found a white marble altar of Elyvilon.
 64101 | Pan      | Found a glowing golden altar of the Shining One.
 64101 | Pan      | Noticed a seraph
 64107 | Pan      | Killed a seraph
 64120 | Pan      | Identified the staff of poison "Fyfimiuq" {rElec rPois
                  | rF+++ Dex-5 SInv}
 64122 | Pan      | Identified the staff of earth "Riej" {Will+ Dex+2}
 64139 | Pan      | Got the Information on Impurities
 64192 | Pan      | Entered the realm of Gloorx Vloq.
 64341 | Pan      | Found an exit through the horrors of the Abyss.
 64422 | Pan      | Noticed Gloorx Vloq
 64425 | Pan      | Killed Gloorx Vloq
 64433 | Pan      | Reached skill level 15 in Ice Magic
 64440 | Pan      | Got a dark rune of Zot
 64530 | Pan      | Noticed Hahotov the pandemonium lord
 64532 | Pan      | Killed Hahotov the pandemonium lord
 64588 | Pan      | Entered the realm of Cerebov.
 64760 | Pan      | Identified the +6 great sword of Putrescence {flame, rF+}
 64809 | Pan      | Found the +6 sword of Cerebov {flame}
 64809 | Pan      | Noticed Cerebov
 64818 | Pan      | Killed Cerebov
 64866 | Pan      | Identified the +0 cloak "Gutiups" {rC+++ Will+ Int-5
                  | Stlth+}
 64870 | Pan      | Got Wizardry, and How To Use It
 64876 | Pan      | Identified the +1 morningstar of Ostiliu {venom, Drain
                  | Int+5}
 64913 | Pan      | Identified the +0 mace of Exchange {venom, rF++ Int+2 SInv
                  | Stlth-}
 64933 | Pan      | Got the Elucidation of the Brume
 64957 | Pan      | Got the Grimoire of Feathery Refrigeration
 64975 | Pan      | Got Quptenk's Reference Book on the Floating Salvo
 64976 | Pan      | Identified the +2 kite shield of the Pink Corner {Will+
                  | Regen+ Dex+2}
 64983 | Pan      | Identified the +6 scale mail of Failure {Int+2}
 65003 | Pan      | Got a fiery rune of Zot
 65084 | Pan      | Found an exit through the horrors of the Abyss.
 65121 | Pan      | Acquired 818 gold pieces
 65136 | Pan      | Took an exit into the Abyss.
 65136 | Abyss:1  | Escaped into the Abyss
 65205 | Abyss:1  | Reached skill level 25 in Spellcasting
 65215 | Abyss:1  | Found an opulent altar of Gozag.
 65408 | Abyss:2  | Found a corrupted altar of Lugonu.
 65414 | Abyss:2  | Noticed an ancient lich
 65418 | Abyss:2  | Killed an ancient lich
 65484 | Abyss:4  | Found a corrupted altar of Lugonu.
 65486 | Abyss:4  | Found a corrupted altar of Lugonu.
 65532 | Abyss:4  | Got an abyssal rune of Zot
 65548 | Depths:2 | Escaped the Abyss
 65611 | Hell     | Entered the Vestibule of Hell
 65611 | Hell     | Noticed Geryon
 65615 | Hell     | Killed Geryon
 65660 | Hell     | Found a gateway to the freezing wastes of Cocytus.
 65675 | Coc:1    | Entered Level 1 of Cocytus
 65728 | Coc:1    | Learned a level 9 spell: Polar Vortex
 65799 | Coc:3    | Noticed a dread lich
 65802 | Coc:3    | Killed a dread lich
 66099 | Coc:7    | Entered Level 7 of Cocytus
 66206 | Coc:7    | Identified the +12 plate armour "Tazxirye" {*Slow rPois
                  | Dex+5}
 66320 | Coc:7    | Noticed Antaeus
 66324 | Coc:7    | Killed Antaeus
 66360 | Coc:7    | Got an icy rune of Zot
 66368 | Coc:7    | Identified the +8 great mace "Oreaf" {flame, Will+}
 66433 | Hell     | Found a gateway to the Iron City of Dis.
 66443 | Dis:1    | Entered Level 1 of the Iron City of Dis
 66453 | Dis:2    | Noticed a dread lich
 66453 | Dis:2    | Noticed a dread lich
 66453 | Dis:2    | Noticed a dread lich
 66455 | Dis:2    | Killed a dread lich
 66455 | Dis:2    | Killed a dread lich
 66456 | Dis:2    | Reached skill level 26 in Spellcasting
 66456 | Dis:2    | Killed a dread lich
 66803 | Dis:6    | Noticed an ancient lich
 66808 | Dis:6    | Killed an ancient lich
 66854 | Dis:7    | Entered Level 7 of the Iron City of Dis
 67034 | Dis:7    | Noticed the Serpent of Hell
 67036 | Dis:7    | Noticed a juggernaut
 67039 | Dis:7    | Killed a juggernaut
 67040 | Dis:7    | Killed the Serpent of Hell
 67062 | Dis:7    | Noticed a juggernaut
 67066 | Dis:7    | Killed a juggernaut
 67088 | Dis:7    | Noticed a juggernaut
 67094 | Dis:7    | Reached skill level 27 in Spellcasting
 67094 | Dis:7    | Killed a juggernaut
 67136 | Dis:7    | Reached skill level 15 in Dodging
 67198 | Dis:7    | Identified the amulet "Ava Muuj" {Acrobat Str+3 Slay+3}
 67239 | Dis:7    | Identified the +6 dagger of the Living Dead {freeze, *Noise
                  | MP+9 Dex+3}
 67239 | Dis:7    | Noticed Dispater
 67247 | Dis:7    | Killed Dispater
 67277 | Dis:7    | Identified the staff of poison "Katuh" {+Blink rElec rPois
                  | MP+9 Str+4 Dex-5}
 67282 | Dis:7    | Got an iron rune of Zot
 67286 | Dis:7    | Got the Enchiridion on Kinetic Guile
 67441 | Hell     | Found a gateway to the decaying netherworld of Tartarus.
 67451 | Tar:1    | Entered Level 1 of Tartarus
 67480 | Tar:1    | You are sucked into a shaft and drop 1 floor!
 67777 | Tar:7    | Entered Level 7 of Tartarus
 67808 | Tar:7    | Noticed an ancient lich
 67810 | Tar:7    | Killed an ancient lich
 67810 | Tar:7    | Killed an ancient lich
 67860 | Tar:7    | Noticed Ereshkigal
 67870 | Tar:7    | Killed Ereshkigal
 67909 | Tar:7    | Got Osex's Elucidation of Glamour
 67949 | Tar:7    | Noticed a dread lich
 67952 | Tar:7    | Killed a dread lich
 68045 | Tar:7    | Identified the ring of Veus {Fire Drain rN++ Str+2 Int+3
                  | Dex+2}
 68106 | Tar:7    | Got a bone rune of Zot
 68133 | Tar:7    | Identified the ring "Put-Me-On" {rC+ Str+5 Dex+6}
 68212 | Hell     | Found a gateway to the ashen valley of Gehenna.
 68219 | Geh:1    | Entered Level 1 of Gehenna
 68249 | Geh:1    | You are sucked into a shaft and drop 1 floor!
 68696 | Geh:7    | Entered Level 7 of Gehenna
 68853 | Geh:7    | Got an obsidian rune of Zot
 68869 | Geh:7    | Found the +7 sceptre of Asmodeus
 68869 | Geh:7    | Noticed Asmodeus
 68877 | Geh:7    | Killed Asmodeus
 69249 | Zot:5    | Got the Orb of Zot
 69322 | Zot:4    | Noticed Zutuag the pandemonium lord
 69327 | Zot:4    | Killed Zutuag the pandemonium lord
 69332 | Zot:4    | Noticed Misiol the pandemonium lord
 69473 | D:15     | Noticed Eleytzeh the pandemonium lord
 69476 | D:15     | Killed Eleytzeh the pandemonium lord
 69536 | D:11     | Noticed a seraph
 69540 | D:11     | Killed a seraph
 69669 | D:5      | Noticed Oxad the pandemonium lord
 69672 | D:5      | Killed Oxad the pandemonium lord
 69758 | D:$      | Escaped with the Orb!

Illustrated notes

Levels and vault maps discovered:
D:1:      beargit_arrival_diablo_church, layout_loops_ring,
          nicolae_ecumenical_snake_handling, minmay_tetromino_t4
D:2:      layout_loops_ring, serial_shops, nicolae_shop_overgrown_old_shop,
          serial_bayou, serial_bayou_crossing, serial_bayou_ford_a,
          serial_bayou_shore_a, serial_bayou_pond_a, uniq_crazy_yiuf_cottage,
          uniq_robin, uniq_jessica
D:3:      layout_loops_ring, gup_sewer_entry_bubbles, minmay_box_of_dots
D:4:      layout_cave_pools, gammafunk_ghost_nasty_kobolds, dk_noncrumbling_2,
          uniq_grinder
D:5:      layout_rooms, chequers_ossuary_entry_cave
D:6:      layout_basic, grunt_temple_overflow_open, lightli_church_of_beogh
D:7:      layout_basic, led_sif_pool, minmay_temple_entry_poolview,
          enter_bailey_3
D:8:      minmay_cornered_nines, layout_basic, kennysheep_minor_cross,
          minivault_27, minmay_shop_damaged
D:9:      kennysheep_ambush_hall, layout_rooms,
          chequers_temple_overflow_statue_of_worship,
          grunt_lair_entry_orc_guard_hut, kennysheep_generic_room_8
D:10:     layout_roguey, uniq_grum
D:11:     layout_loops_cross, erik_orc_4, nrook_guardian_serpent_ordinary
D:12:     layout_basic, biasface_ghost_orc_armoury, nicolae_trove_entry_columns
D:13:     layout_rooms, david_vaults_4, serial_shops,
          nicolae_shop_window_shopping, nicolae_elyvilon_temple_path
D:14:     layout_cave_pools, fedhas_altar_1, serial_undead, serial_undead_a,
          serial_undead_c, serial_undead_b, serial_undead_c, serial_undead_f,
          serial_undead_b, serial_undead_b, drop_trap, grunt_dithmenos_shadows
D:15:     gammafunk_enter_depths_forms, layout_loops_ring,
          good_gods_mini_temple, serial_shops,
          nicolae_shop_bloodbath_and_beyond, small_statue_alley_a, drop_trap,
          uniq_jorgrun, uniq_josephine
Temple:   nicolae_temple_x_marks_the_god
Lair:1:   layout_regular_city, basic_altar, beast_lair_carwin_11,
          grunt_megastairs_3
Lair:2:   wander_river, layout_small_grid, minmay_snake_entry_guardpost_medium,
          portal_ice_cave_demonic_guard
Lair:3:   layout_chaotic_city, skrybe_swamp_entry_bodies, gammafunk_ghost_grave,
          wad_woods_river_01, lemuel_fruit_tree, uniq_gastronok
Lair:4:   dpeg_oklob_shooting_range, layout_big_grid, slime_entry_1
Lair:5:   evil_forest, layout_loops_ring
Swamp:1:  layout_basic_swamp, evilmike_swamp_ruin_rubble_1, uniq_roxanne
Swamp:2:  layout_basic_swamp, hangedman_swamp_ruin_wall, swamp_pool1
Swamp:3:  layout_falls_marsh, gammafunk_ghost_split, hangedman_swamp_blocks,
          infiniplex_staircase_pool, uniq_donald, uniq_kirke
Swamp:4:  swamp_fiery, layout_basic_swamp
Snake:1:  layout_concentric_octagons
Snake:2:  nicolae_snake_hallway, layout_cave_shapes
Snake:3:  layout_rooms
Snake:4:  hellmonk_snake_rune_quicksilver_temple, layout_chambers, uniq_aizul
Slime:1:  layout_caves
Slime:2:  layout_caves, nicolae_slime_phagocytosis
Slime:3:  cheibrodos_slime_lost_civilization_2, layout_caves
Slime:4:  layout_caves
Slime:5
Orc:1:    layout_caves, basic_altar
Orc:2:    grunt_orc_gardens, layout_diamond_mine, grunt_orc_garden,
          grunt_orc_garden, grunt_orc_garden, grunt_orc_garden, mines5_lemuel
Elf:1:    layout_geoelf_grid, serial_shops, nicolae_shop_window_shopping,
          minmay_elf_annihilation, nicolae_wwwww, serial_sigils_hangedman_gut,
          uniq_nikola
Elf:2:    nicolae_elf_blades_crystal_corner, layout_onion_city,
          nicolae_elf_big_sculpture_2
Elf:3:    elf_hall_gauntlet_narrow, layout_geoelf_grid, special_room
          [special_room_orc], lemuel_flamethrower_2
Vaults:1: portal_desolation_entry_twin_temple, hangedman_vaults_nails,
          nicolae_vaults_little_squares_4, ontoclasm_vaults_loading_screen,
          nicolae_vaults_alarming, vaults_mumra_hexcomb, vaults_dpeg_hooks,
          layout_vaults_omnigrid, serial_shops, nicolae_shop_overgrown_old_shop
Vaults:2: nicolae_vaults_gold_heap, vaults_dpeg_encased_lava,
          vaults_dpeg_spiral, hangedman_vaults_stitches,
          ontoclasm_vaults_gateway, hangedman_vaults_restitches,
          nicolae_vaults_bisected_exclaves, hangedman_vaults_impose,
          hangedman_vaults_pinch, ontoclasm_vaults_ring_square, v_pattern_5,
          nicolae_vaults_big_ls, grunt_vaults_diagonal,
          layout_vaults_maze_bifur, serial_shops, shop, shop, shop, uniq_mara
Vaults:3: hangedman_vaults_locks, v_misc_18, hangedman_vaults_maws,
          minmay_crypt_entry_nasty_monster, nicolae_vaults_yaktaur_gun_rack,
          hangedman_vaults_stream, nicolae_vaults_border_crossing,
          nicolae_vaults_theta, ontoclasm_vaults_hangar,
          nicolae_vaults_rhombus_5, layout_vaults_omnicross
Vaults:4: vaults_room_boxed, v_pattern_1, nicolae_vaults_quadrants,
          nicolae_vaults_little_squares_1,
          vaults_standard_mumra_enter_the_diamond, ontoclasm_vaults_ligature,
          hangedman_vaults_impose, nicolae_vaults_little_squares_5,
          vaults_mumra_hex, nicolae_vaults_shelves_hall, grunt_vaults_focal,
          layout_vaults_ring, serial_shops, nicolae_square_shop
Vaults:5: uniq_bai_suzhen
Crypt:1:  layout_rooms, minivault_11, eino_tiny_chamber
Crypt:2:  layout_gridlike, uniq_zenata, uniq_margery
Crypt:3:  lightli_unholy_cathedral, layout_chaotic_city,
          nicolae_tomb_entry_grand_gallery, nzn_life_drinkers, uniq_grunn
Tomb:1
Tomb:2
Tomb:3
Depths:1: layout_forbidden_donut, pan_entry, nrook_mini_vaults, pf_coc_iceberg,
          xom_redecorated, minmay_shop_grove, grunt_megastairs_4
Depths:2: grunt_bent_corner, layout_long_grid, enter_ziggurat_a, tso_altar,
          hell_entry, rand_demon_pan_entry_7, infiniplex_staircase_pillars_2
Depths:3: nicolae_moon_pools, layout_gridlike, grunt_mini_vestibule,
          abyss_entry_glasseish, mu_enter_wizlab_4,
          lemuel_zombie_altar_kikubaaqudgha, firewood_loft
Depths:4: grunt_twist_and_shout, layout_cave_pools, minmay_misc_feat_x,
          hell_entry
Hell
Dis:1:    layout_subdivisions
Dis:2:    layout_subdivisions, nicolae_dis_liches_on_tour
Dis:3:    layout_regular_city
Dis:4:    layout_subdivisions
Dis:5:    layout_regular_city, glass_columns_a, evilmike_ambush
          [evilmike_ambush_outer_basic, evilmike_ambush_inner_basic]
Dis:6:    layout_subdivisions
Dis:7:    dis_grunt_layers
Geh:1:    layout_gehenna_pools_triple, hangedman_gehenna_grave_pits
Geh:2:    layout_gehenna_pools_box
Geh:3:    layout_gehenna_pools_basic, nicolae_hells_seeping_fissure
Geh:4:    layout_gehenna_pools_triple
Geh:5:    layout_gehenna_pools_box
Geh:6:    layout_gehenna_pools_triple, nicolae_geh_lavax
Geh:7:    evilmike_geh
Coc:1:    layout_ice_bergs
Coc:2:    layout_ice_bergs
Coc:3:    layout_ice_bergs
Coc:4:    layout_cocytus_delve
Coc:5:    layout_cocytus_water_paths
Coc:6:    layout_ice_bergs
Coc:7:    coc_grunt
Tar:1:    layout_honeycomb
Tar:2:    layout_catacombs
Tar:3:    layout_honeycomb
Tar:4:    layout_grid_maze, nicolae_tar_cuneiform_two, nicolae_tar_honey_chapel
Tar:5:    layout_honeycomb, nicolae_tar_grid_combs
Tar:6:    layout_honeycomb
Tar:7:    tar_grunt_cathedral
Zot:1:    hellmonk_paralyzer, layout_onion, uniq_tiamat
Zot:2:    gammafunk_the_bubble [the_bubble_gammafunk_roulette],
          layout_misc_corridors
Zot:3:    layout_cellular_growth, grunt_megastairs_1
Zot:4:    layout_twisted_circle
Zot:5:    layout_basic, bh_zot_ikea_curve

Skill      XL: |  1  2  3  4  5  6  7  8  9 10 11 12 13 14 15 16 17 18 19 20 21 22 23 24 25 26 27 |
---------------+----------------------------------------------------------------------------------+-----
Fighting       | 2 3 6 9 12 14 15 16 21 | 21.8
Conjurations   | 1 2 3 5 7 10 12 13 14 15 16 17 18 19 20 21 22 23 24 | 24.3
Spellcasting   | 3 4 5 6 8 9 11 12 13 14 15 16 17 18 19 20 21 22 27 | 27.0
Axes           | 4 5 6 |  6.0
Ice Magic      | 5 8 9 11 12 22 | 22.2
Necromancy     | 4 7 9 12 13 18 | 18.0
Fire Magic     | 5 8 11 12 14 17 18 19 20 21 22 23 | 23.0
Shields        | 1 4 5 9 13 14 15 21 | 21.5
Air Magic      | 3 4 5 6 21 | 21.0
Dodging        | 1 4 5 19 | 19.5
Transmutations | 3 8 9 14 | 14.0
Earth Magic    | 4 21 | 21.0
Long Blades    | 16 | 16.0
Hexes          | |  2.6
Evocations     | |  3.0

Action                     |  1- 3 |  4- 6 |  7- 9 | 10-12 | 13-15 | 16-18 | 19-21 | 22-24 | 25-27 || total
---------------------------+-------+-------+-------+-------+-------+-------+-------+-------+-------++-------
  Melee: Rapier            |    27 |       |       |       |       |       |       |       |       ||    27
         Headbutt          |     6 |    13 |    18 |    13 |       |       |       |       |       ||    50
         Dagger            |    52 |   127 |       |       |       |       |       |       |       ||   179
         Kick              |     8 |    31 |    34 |    16 |     1 |       |       |       |       ||    90
         Tailslap          |     2 |    20 |    38 |    47 |    18 |     3 |     6 |     1 |    10 ||   145
         Punch             |       |     3 |     5 |     6 |     3 |       |       |       |       ||    17
         Hand axe          |       |    83 |   239 |    18 |       |       |       |       |       ||   340
         Staff             |       |       |     5 |   246 |   112 |     8 |     3 |     1 |    10 ||   385
         Falchion          |       |       |       |    36 |    11 |       |    20 |       |       ||    67
         Double sword      |       |       |       |       |       |       |       |       |    18 ||    18
  Throw: Boomerang         |       |     5 |     9 |       |       |       |       |       |       ||    14
         Dart              |       |       |       |     5 |       |       |       |       |       ||     5
         Javelin           |       |       |       |       |     1 |       |       |       |       ||     1
   Cast: Beastly Appendage |    11 |    19 |    23 |    11 |     1 |       |       |       |       ||    65
         Slow              |     3 |     3 |     6 |     3 |     1 |       |       |       |       ||    16
         Frozen Ramparts   |       |       |    26 |    97 |    54 |     2 |       |       |       ||   179
         Freeze            |       |       |    33 |    57 |     1 |       |       |       |       ||    91
         Hailstorm         |       |       |     2 |    27 |    91 |     8 |     5 |       |       ||   133
         Sticky Flame      |       |       |       |    49 |    49 |       |       |       |       ||    98
         Iskenderun's Myst |       |       |       |    29 |    39 |    40 |     7 |     8 |    46 ||   169
         Plasma Beam       |       |       |       |       |   174 |   106 |   245 |    35 |     5 ||   565
         Ozocubu's Refrige |       |       |       |       |    25 |    87 |   118 |     8 |     1 ||   239
         Fireball          |       |       |       |       |    38 |   193 |   196 |    55 |   111 ||   593
         Sublimation of Bl |       |       |       |       |     1 |     2 |     2 |     1 |   212 ||   218
         Iron Shot         |       |       |       |       |       |    10 |    32 |    39 |    48 ||   129
         Ignition          |       |       |       |       |       |     4 |    65 |    15 |     1 ||    85
         Fire Storm        |       |       |       |       |       |       |    16 |   210 |   751 ||   977
         Swiftness         |       |       |       |       |       |       |     1 |     2 |       ||     3
         Chain Lightning   |       |       |       |       |       |       |       |       |   369 ||   369
         Shatter           |       |       |       |       |       |       |       |       |   347 ||   347
         Necromutation     |       |       |       |       |       |       |       |       |    59 ||    59
         Passage of Golubr |       |       |       |       |       |       |       |       |     3 ||     3
         Polar Vortex      |       |       |       |       |       |       |       |       |     2 ||     2
Ability: Breathe Lightning |       |       |     6 |     3 |       |       |       |       |       ||     9
         End Transformatio |       |       |       |       |       |       |       |       |    35 ||    35
  Evoke: Wand              |       |     1 |     6 |    12 |       |     8 |     4 |       |       ||    31
    Use: Potion            |       |     7 |     3 |     5 |     1 |     2 |     1 |     1 |    18 ||    38
         Scroll            |       |    12 |     8 |    10 |     6 |     4 |     6 |     4 |    31 ||    81
   Stab: Distracted        |       |       |     1 |       |       |       |       |       |       ||     1
 Armour: Skin              |    20 |   110 |    83 |   245 |   138 |    21 |    65 |    15 |   142 ||   839
  Dodge: Dodged            |    35 |   192 |   125 |   233 |   127 |    30 |    70 |    37 |   297 ||  1146
  Block: Buckler           |       |       |       |     9 |    39 |    16 |    40 |    12 |   144 ||   260
         Kite shield       |       |       |       |       |       |       |       |       |    62 ||    62
         Reflection        |       |       |       |       |       |       |       |       |     9 ||     9

Table legend: (Time is in decaauts)
 A = Elapsed time spent in this place.
 B = Non-inter-level travel time spent in this place.
 C = Inter-level travel time spent in this place.
 D = Time resting spent in this place.
 E = Time spent auto-exploring this place.
 F = Levels seen in this place.
 G = Mean time per level.
                   A        B        C        D        E       F      G
               +--------+--------+--------+--------+--------+-----+--------+
         Total |  70242 |  64234 |   6008 |   5310 |  33087 | 131 |  536.2 |
       Dungeon |  16360 |  14450 |   1910 |   1749 |   8212 |  15 | 1090.7 |
        Temple |     52 |     44 |      8 |      0 |      0 |   1 |   52.0 |
          Lair |   6864 |   6211 |    653 |    525 |   3979 |   5 | 1372.8 |
         Swamp |   2642 |   2465 |    177 |    196 |   1565 |   4 |  660.5 |
     Snake Pit |   3792 |   3448 |    344 |    129 |   2502 |   4 |  948.0 |
    Slime Pits |    526 |    455 |     71 |     71 |      0 |   5 |  105.2 |
  Orcish Mines |   1768 |   1577 |    191 |     63 |    844 |   2 |  884.0 |
   Elven Halls |   4065 |   3839 |    226 |    416 |   2215 |   3 | 1355.0 |
        Vaults |   8324 |   7338 |    986 |    382 |   4767 |   5 | 1664.8 |
         Crypt |   2372 |   2158 |    214 |      0 |   1606 |   3 |  790.7 |
          Tomb |   1778 |   1669 |    109 |      0 |    311 |   3 |  592.7 |
        Depths |   4106 |   3468 |    638 |    104 |   2339 |   4 | 1026.5 |
          Hell |    340 |    340 |      0 |    117 |      0 |   1 |  340.0 |
           Dis |    897 |    892 |      5 |     73 |      0 |   7 |  128.1 |
       Gehenna |    651 |    651 |      0 |     16 |      7 |   7 |   93.0 |
       Cocytus |    721 |    709 |     12 |      0 |    101 |   7 |  103.0 |
      Tartarus |    723 |    723 |      0 |      0 |    113 |   7 |  103.3 |
           Zot |   4618 |   4160 |    458 |     13 |   2788 |   5 |  923.6 |
         Abyss |    410 |    410 |      0 |      0 |     42 |   4 |  102.5 |
   Pandemonium |   2119 |   2119 |      0 |    137 |    136 |  10 |  211.9 |
      Ziggurat |   1822 |   1822 |      0 |    114 |      0 |  23 |   79.2 |
         Sewer |    229 |    229 |      0 |     62 |     27 |   1 |  229.0 |
       Ossuary |    429 |    429 |      0 |    173 |      0 |   1 |  429.0 |
        Bailey |   1002 |   1002 |      0 |    465 |      0 |   1 | 1002.0 |
      Ice Cave |   1084 |   1084 |      0 |    221 |    415 |   1 | 1084.0 |
        Wizlab |   1058 |   1058 |      0 |     14 |    671 |   1 | 1058.0 |
    Desolation |   1476 |   1476 |      0 |    269 |    447 |   1 | 1476.0 |
               +--------+--------+--------+--------+--------+-----+--------+

Top non-repeatable levels by time:
   Elf:3: 2192 daAuts
Vaults:2: 1969 daAuts
    D:13: 1927 daAuts
Vaults:5: 1884 daAuts
  Lair:2: 1809 daAuts
 Snake:4: 1684 daAuts
Depths:2: 1652 daAuts
Vaults:1: 1542 daAuts
Desolation: 1476 daAuts
Vaults:4: 1464 daAuts
Vaults:3: 1463 daAuts
  Lair:1: 1453 daAuts
    D:12: 1443 daAuts
  Lair:5: 1423 daAuts
  Lair:3: 1369 daAuts
